Workbook

Sheet Extracted information
A1: Code | B1: Language | C1: Year | D1: Area | E1: Description of goal | F1: Target variables | G1: Target item | H1: Target function | I1: Wavelengths | J1: Camera | K1: Sampling method | L1: Collection of samples (per pixel or over ROI) | M1: Number of samples | N1: Wavelength selection technique | O1: Best technique | P1: Learning algorithms | Q1: Data fusion | R1: Data fusion details | S1: Publication type
A2: HSI1043 | B2: English | C2: 2002 | D2: Fruit/vegetables | E2: Fecal contamination on apples | F2: Feces detection | G2: Apples | H2: Classification | I2: 450-851 | J2: Other | K2: Not stated | L2: Not applicable | M2: 32 | N2: PC Loadings | O2: Only one | P2: None | Q2: No | R2: Morphology | S2: Article
A3: HSI1035 | B3: English | C3: 2004 | D3: Fruit/vegetables | E3: Cucumber chilling damage inspection | F3: Defect detection | G3: Cucumbers | H3: Classification | I3: 447-951 | J3: Other | K3: Averaged over ROI | L3: Averaged over sample | M3: 280 | N3: PCA-Fisher LD | O3: Only one | P3: FLDA | Q3: No | S3: Article
A4: HSI0995 | B4: English | C4: 2007 | D4: Fruit/vegetables | E4: Sugar content in peaches | F4: Soluble solids concentration | G4: Peaches | H4: Regression | I4: 650-1000 | J4: Other | K4: Averaged over ROI | L4: Averaged over normalised areas | M4: 29 | N4: SR | O4: Only one | P4: PLS | Q4: No | S4: Article
A5: HSI0998 | B5: English | C5: 2007 | D5: Fruit/vegetables | E5: Quality attributes of strawberries | F5: Moisture content, Soluble solids concentration, pH | G5: Strawberries | H5: Regression | I5: 400-1000 | J5: ImSpector V10E | K5: Averaged over ROI | L5: Averaged over ROI | M5: 76 | N5: RC | O5: Only one | P5: MLR, PLS | Q5: Yes | R5: GLCM: RGB images Contrast, homogeneity, angular second moment, correlation. 0, 45, 90, 135. D=1:10 | S5: Article
A6: HSI1004 | B6: Chinese | C6: 2007 | D6: Fruit/vegetables | E6: Chinese pear quality | F6: Water content, Sugar content | G6: Pears | H6: Regression | I6: 400-1000 | J6: ImSpector V10E | K6: Averaged over ROI | L6: Averaged over ROI | M6: 32 | N6: RC | O6: Only one | P6: ANN | Q6: No | S6: Article
A7: HSI0988 | B7: English | C7: 2008 | D7: Fruit/vegetables | E7: Early detection of apple bruises | F7: Defect detection | G7: Apples | H7: Classification, Localisation | I7: 400-1000 | J7: ImSpector V10E | K7: Averaged over ROI | L7: Averaged over ROI | M7: 120 | N7: RC-VIP | O7: Not compared | P7: PLSR | Q7: No | S7: Article
A8: HSI0971 | B8: English | C8: 2009 | D8: Fruit/vegetables | E8: Detecting chilling injury and firmness in red delicious apples | F8: Defect detection, Firmness | G8: Apples | H8: Classification, Regression | I8: 400-1000 | J8: ImSpector V10E | K8: Averaged over ROI | L8: Averaged over AOI | M8: 64 | N8: NN importance weights | O8: Only one | P8: ANN | Q8: No | S8: Article
A9: HSI0947 | B9: English | C9: 2010 | D9: Fruit/vegetables | E9: Detecting internal defects of cucumbers and pickles | F9: Internal defects | G9: Cucumbers, Pickles | H9: Classification, Distribution | I9: 500-1000 | J9: ImSpector V10E | K9: Not stated | L9: Not clear | M9: 580 | N9: Branch and bound | O9: Only one | P9: KNN, PLS-DA | Q9: No | R9: Classification maps | S9: Article
A10: HSI0922 | B10: English | C10: 2011 | D10: Fruit/vegetables | E10: Detecting common defects on oranges | F10: Defect detection | G10: Oranges | H10: Classification, Localisation | I10: 550-900 | J10: ImSpector V10E | K10: Averaged over ROI | L10: Averaged over representative area | M10: 460 | N10: PC Loadings | O10: Only one | P10: PCA | Q10: No | R10: Morphological/band ratio | S10: Article
A11: HSI0929 | B11: Chinese | C11: 2011 | D11: Fruit/vegetables | E11: Firmness of apples | F11: Firmness | G11: Apples | H11: Regression | I11: 500-1000 | J11: ImSpector V10E | K11: Averaged over ROI | L11: Averaged over ROI | M11: 600 | N11: PLS Loadings, UVE, UVE-PLS Loadings, GA, UVE-GA | O11: UVE-PLS Loadings, UVE-GA, UVE, PLS Loadings | P11: PLSR | Q11: No | S11: Article
A12: HSI0899 | B12: Chinese | C12: 2012 | D12: Fruit/vegetables | E12: Potato dry matter detection | F12: Dry matter content | G12: Potatoes | H12: Regression | I12: 450-990 | J12: HyperSpec VNIR | K12: Averaged over ROI | L12: Averaged over 100x100 ROI from center | M12: 146 | N12: siPLS, GA, UVE, CARS, SPA, CARS-SPA | O12: CARS-SPA, CARS, GA, siPLS, SPA | P12: MLR, PLS, SVM | Q12: No | S12: Article
A13: HSI0904 | B13: English | C13: 2012 | D13: Fruit/vegetables | E13: Detection of bruise and stem-end/calyx of apples | F13: Defect detection | G13: Apples | H13: Classification, Localisation | I13: 450-980 | J13: ImSpector V10E | K13: Averaged over ROI | L13: Averaged over ROI | M13: 60 | N13: PC Loadings | O13: Only one | P13: None | Q13: No | R13: Morphology | S13: Conference Paper
A14: HSI0909 | B14: English | C14: 2012 | D14: Fruit/vegetables | E14: Banana quality and maturity | F14: Firmness, Total soluble solids, Moisture content | G14: Bananas | H14: Regression | I14: 400-1000 | J14: ImSpector V10E | K14: Averaged over ROI | L14: Averaged over ROI | M14: 270 | N14: RC | O14: Only one | P14: PLSR, MLR | Q14: No | S14: Article
A15: HSI0828 | B15: Chinese | C15: 2013 | D15: Fruit/vegetables | E15: Detecting bruises and early decay in apples | F15: Defect detection | G15: Apples | H15: Classification, Localisation | I15: 400-1000 | J15: ImSpector V10E | K15: Averaged over ROI | L15: Averaged over ROI | M15: 120 | N15: PC Loadings | O15: Only one | P15: None | Q15: No | R15: Otsu thresholding | S15: Article
A16: HSI0834 | B16: English | C16: 2013 | D16: Fruit/vegetables | E16: Quality of spinich leaves | F16: Quality | G16: Spinach | H16: Classification | I16: 400-1000 | J16: HyperSpec VNIR | K16: Not stated | L16: Not clear 40->3600 | M16: 120 | N16: CovSel | O16: Only one | P16: PLS-DA | Q16: No | R16: Distribution maps | S16: Article
A17: HSI0838 | B17: Chinese | C17: 2013 | D17: Fruit/vegetables | E17: Soluble solids content in apples | F17: Soluble solids concentration | G17: Apples | H17: Regression | I17: 400-1000 | J17: ImSpector V10E | K17: Averaged over ROI | L17: Averaged over ROI | M17: 160 | N17: SPA, GA, GA-SPA | O17: SPA, GA | P17: PLS, MLR, LS-SVM | Q17: No | S17: Article
A18: HSI0844 | B18: English | C18: 2013 | D18: Fruit/vegetables | E18: Detection of bruises on apples | F18: Defect detection | G18: Apples | H18: Classification, Localisation | I18: 450-1000 | J18: ImSpector V10E | K18: Averaged over ROI | L18: Averaged over normal and bruised ROI | M18: 40 | N18: PC Loadings | O18: Only one | P18: None | Q18: No | R18: Defects | S18: Conference Paper
A19: HSI0764 | B19: English | C19: 2014 | D19: Fruit/vegetables | E19: Insect damaged detection in Hawthorn fruit | F19: Defect detection | G19: Hawthorn | H19: Classification | I19: 400-1000 | J19: HyperSpec VNIR | K19: Averaged over ROI | L19: Mean spectra | M19: 360 | N19: Reflectance sensitivity | O19: Only one | P19: PLS-DA | Q19: Yes | R19: In this study, the ten textural features, including energy, entropy, correlation, inverse difference moment, inertia, uneven distribution of gray, uneven distribution of gradient, small gradient strengths, large gradient strengths, and gradient variance, were extracted from hyperspectral image in each wavelength | S19: Article
A20: HSI0773 | B20: Chinese | C20: 2014 | D20: Fruit/vegetables | E20: Moisture content in gherkins | F20: Moisture content | G20: Gherkins | H20: Regression | I20: 900-1700 | J20: ImSpector N17E | K20: Averaged over ROI | L20: Averaged over ROI | M20: 80 | N20: RC | O20: Only one | P20: PLSR | Q20: No | S20: Article
A21: HSI0779 | B21: Chinese | C21: 2014 | D21: Fruit/vegetables | E21: Nitrogen content in lettuce leaves | F21: Nitrogen content | G21: Lettuces | H21: Regression | I21: 453-983 | J21: ImSpector V10E | K21: Averaged over ROI | L21: Averaged over leaf ROI | M21: 60 | N21: PC Loadings | O21: Only one | P21: SVR | Q21: Yes | R21: (Chinese) GLCM of first 3 PC images | S21: Article
A22: HSI0792 | B22: English | C22: 2014 | D22: Fruit/vegetables | E22: Recognition of bruise and pest infestation on apples | F22: Defect detection | G22: Apples | H22: Classification | I22: 400-1000 | J22: HyperSpec VNIR | K22: Averaged over ROI | L22: Averaged over ROI | M22: 290 | N22: PC Loadings, RSA | O22: RSA | P22: PLS-DA | Q22: No | S22: Conference Paper
A23: HSI0795 | B23: English | C23: 2014 | D23: Fruit/vegetables | E23: Detection of defects in Loquat | F23: Defect detection | G23: Loquats | H23: Classification, Localisation | I23: 420-1000 | J23: ImSpector V10E | K23: Averaged over ROI | L23: Averaged over ROI | M23: 260 | N23: CARS | O23: Only one | P23: PLS-DA | Q23: No | R23: Defects: morphology. MNF | S23: Article
A24: HSI0797 | B24: English | C24: 2014 | D24: Fruit/vegetables | E24: Detection of thirps defect on green-peel citrus | F24: Defect detection | G24: Citrus | H24: Classification, Localisation | I24: 500-800 | J24: ImSpector V10E | K24: Averaged over ROI | L24: Averaged over ROI | M24: 300 | N24: PC Loadings | O24: Only one | P24: None | Q24: No | R24: Defect detection | S24: Article
A25: HSI0800 | B25: English | C25: 2014 | D25: Fruit/vegetables | E25: Internal quality of blueberries | F25: Soluble solids concentration, Firmness | G25: Blueberries | H25: Regression | I25: 400-1000 | J25: ImSpector V10E | K25: Averaged over ROI | L25: Averaged over ROI | M25: 420 | N25: iPLS | O25: Only one | P25: PLS | Q25: No | S25: Article
A26: HSI0803 | B26: English | C26: 2014 | D26: Fruit/vegetables | E26: Bruise and cultivar detection of apples | F26: Variety, Defect detection | G26: Apples | H26: Classification | I26: 400-1000, 1000-2500 | J26: ImSpector V10E, ImSpector N25E | K26: Averaged over ROI | L26: Averaged over ROI | M26: 480 | N26: CFS | O26: Only one | P26: SVM, SLOG, Sequential minimal optimization | Q26: No | R26: Defects | S26: Article
A27: HSI0811 | B27: Chinese | C27: 2014 | D27: Fruit/vegetables | E27: Detection of slight bruises on apples | F27: Defect detection | G27: Apples | H27: Classification, Localisation | I27: 400-1000 | J27: ImSpector V10E | K27: Averaged over ROI | L27: Averaged over ROI | M27: 280 | N27: I-ReliefF | O27: Only one | P27: MNF | Q27: No | R27: Morphology | S27: Article
A28: HSI0818 | B28: English | C28: 2014 | D28: Fruit/vegetables | E28: Ripeness classification of astringent persimmon | F28: Ripeness, Firmness, Mass, Height, Perimeter, Soluble solids concentration | G28: Persimmons | H28: Classification, Regression | I28: 400-1000 | J28: ImSpector V10E | K28: Averaged over ROI | L28: Averaged over multiple square ROI on both sides | M28: 192 | N28: SPA | O28: Only one | P28: LDA, SIMCA | Q28: Yes | R28: GLCM: Correlation, Energy, Contrast, Homogeneity. Angle = 0, d = 1 | S28: Article
A29: HSI0819 | B29: Chinese | C29: 2014 | D29: Fruit/vegetables | E29: Moisture of jujubes | F29: Moisture content | G29: Jujubes | H29: Regression | I29: 978-1661 | J29: ImSpector N17E | K29: Averaged over ROI | L29: Averaged over ROI | M29: 128 | N29: RC | O29: Only one | P29: PLSR | Q29: No | S29: Article
A30: HSI0676 | B30: Chinese | C30: 2015 | D30: Fruit/vegetables | E30: Detecting defective features in nectarine | F30: Defect detection | G30: Nectarines | H30: Classification, Localisation | I30: 420-1000 | J30: ImSpector V10E | K30: Averaged over ROI | L30: Averaged over ROI | M30: 400 | N30: RC | O30: Only one | P30: PLSR, ELM | Q30: Yes | R30: (Chinese) GLCM: mean contrast, correlation, energy, homogeneity, and entropy. 0, 45, 90, 135 degrees. | S30: Article
A31: HSI0679 | B31: Chinese | C31: 2015 | D31: Fruit/vegetables | E31: Detection of hawthorn fruit defects | F31: Defect detection | G31: Hawthorn | H31: Classification, Localisation | I31: 420-1000 | J31: ImSpector V10E | K31: Averaged over ROI | L31: Averaged over ROI | M31: 134 | N31: RC | O31: Only one | P31: PLS, LS-SVM | Q31: No | R31: Sobel, region grow | S31: Article
A32: HSI0683 | B32: English | C32: 2015 | D32: Fruit/vegetables | E32: Apple rottenness caused by penicillium | F32: Defect detection | G32: Apples | H32: Classification, Localisation | I32: 400-1000 | J32: ImSpector V10E | K32: Averaged over ROI | L32: Averaged over normal/rotten regions | M32: 120 | N32: PC Loadings | O32: Only one | P32: ICA | Q32: No | R32: Morphology | S32: Article
A33: HSI0685 | B33: English | C33: 2015 | D33: Fruit/vegetables | E33: Early detection of apple rottenness | F33: Defect detection | G33: Apples | H33: Classification, Localisation | I33: 400-1000 | J33: ImSpector V10E | K33: Averaged over ROI | L33: Averaged over sub ROI | M33: 120 | N33: SPA | O33: Only one | P33: PLS-DA | Q33: No | S33: Article
A34: HSI0686 | B34: English | C34: 2015 | D34: Fruit/vegetables | E34: Soluble solids content and firmness of pears | F34: Soluble solids concentration, Firmness | G34: Pears | H34: Regression, Distribution | I34: 400-1000 | J34: ImSpector V10E | K34: Averaged over ROI | L34: Averaged over 100x100 ROI from center | M34: 160 | N34: CARS, SPA, CARS-SPA | O34: CARS-SPA, CARS | P34: PLS | Q34: No | S34: Article
A35: HSI0693 | B35: English | C35: 2015 | D35: Fruit/vegetables | E35: Mechanical properties of blueberries | F35: Hardness, Springiness, Chewiness, Maximum force, Max force strain, Gradient, Final force | G35: Blueberries | H35: Regression | I35: 411-1114 | J35: ImSpector V10E | K35: Averaged over ROI | L35: Averaged over ROI | M35: 894 | N35: RF | O35: Only one | P35: LS-SVM | Q35: No | R35: Morphology | S35: Article
A36: HSI0699 | B36: English | C36: 2015 | D36: Fruit/vegetables | E36: Detection of defects of peaches | F36: Defect detection | G36: Peaches | H36: Classification, Localisation | I36: 400-1000 | J36: ImSpector V10E | K36: Averaged over ROI | L36: Averaged over selected rectangular ROI | M36: 160 | N36: MC-UVE-SPA | O36: Only one | P36: PLS | Q36: No | R36: Minimum noise fraction, band math | S36: Article
A37: HSI0702 | B37: English | C37: 2015 | D37: Fruit/vegetables | E37: Moisture distribution of mango slices | F37: Moisture content | G37: Mangoes | H37: Regression, Distribution | I37: 400-1000, 880-1720 | J37: SPECIM V10E, ImSpector N17E | K37: Averaged over ROI | L37: Averaged over sample | M37: 162 | N37: RC, CARS, SR | O37: RC, CARS | P37: PLS | Q37: No | R37: Distribution | S37: Article
A38: HSI0705 | B38: English | C38: 2015 | D38: Fruit/vegetables | E38: Sugar content of potatoes | F38: Glucose content, Sucrose content | G38: Potatoes | H38: Classification, Regression | I38: 400-1000 | J38: ImSpector V10E | K38: Averaged over ROI | L38: Averaged over sample | M38: 720 | N38: iPLS, GA | O38: iPLS | P38: ANN, PLSR | Q38: No | S38: Article
A39: HSI0706 | B39: English | C39: 2015 | D39: Fruit/vegetables | E39: Shelf life of bananas with different browning levels | F39: Browning level | G39: Bananas | H39: Classification, Distribution | I39: 400-1100 | J39: ImSpector V10E | K39: Averaged over ROI | L39: Averaged over browning areas | M39: 1600 | N39: PC Loadings | O39: Onle one | P39: ANN, BPNN, RBFNN, SOM-NN | Q39: No | R39: Visualisation maps, morphology | S39: Article
A40: HSI0707 | B40: English | C40: 2015 | D40: Fruit/vegetables | E40: Tomato quality monitoring | F40: Modulus of elasticity, Titratable acidity, Soluble solids concentration, Moisture content | G40: Tomatoes | H40: Regression | I40: 400-1000 | J40: ImSpector V10E | K40: Other | L40: Averaged over 40 spectra collected at various distances from specular center | M40: 200 | N40: GA, ReliefF, Fisher Score, t-Score | O40: GA | P40: SVM, ANN | Q40: No | S40: Article
A41: HSI0708 | B41: English | C41: 2015 | D41: Fruit/vegetables | E41: Browning levels of lychee pericarp | F41: Moisture content | G41: Lychee | H41: Regression, Distribution | I41: 400-1000 | J41: ImSpector V10E | K41: Averaged over ROI | L41: Averaged over ROI | M41: 360 | N41: RC, SPA | O41: RC | P41: SVR, BPNN, PLSR | Q41: No | S41: Article
A42: HSI0721 | B42: English | C42: 2015 | D42: Fruit/vegetables | E42: Detection of fungal infection in white button mushrooms | F42: Fungal infection detection | G42: Mushrooms | H42: Classification | I42: 900-1700 | J42: Not stated | K42: Averaged over ROI | L42: Averaged over sub ROI | M42: 24 | N42: PC Loadings | O42: Only one | P42: FDA, SVM | Q42: No | S42: Conference Paper
A43: HSI0724 | B43: Chinese | C43: 2015 | D43: Fruit/vegetables | E43: Defects in lingwu jujube | F43: Defect detection | G43: Jujubes | H43: Classification, Localisation | I43: 918-1678 | J43: ImSpector N17E | K43: Averaged over ROI | L43: Averaged over ROI | M43: 300 | N43: PC Loadings | O43: Only one | P43: Band ratio | Q43: No | R43: Morphology | S43: Article
A44: HSI0725 | B44: English | C44: 2015 | D44: Fruit/vegetables | E44: Total soluble solids in mulberries | F44: Total soluble solids | G44: Mulberries | H44: Regression, Distribution | I44: 420-1000 | J44: ImSpector V10E | K44: Averaged over ROI | L44: Averaged over ROI | M44: 310 | N44: RF | O44: Only one | P44: PLSR, LS-SVM | Q44: No | R44: Distribution maps | S44: Article
A45: HSI0728 | B45: Chinese | C45: 2015 | D45: Fruit/vegetables | E45: Defect detection for potatoes | F45: Defect detection | G45: Potatoes | H45: Classification | I45: 450-990 | J45: ImSpector V10E | K45: Averaged over ROI | L45: Averaged over ROI | M45: 367 | N45: SPA | O45: Only one | P45: SVM, ELM | Q45: Yes | R45: (Chinese) GLCM: Homogeneity, Energy, Contrast, Correlation. 0, 45, 90, 135 degrees | S45: Article
A46: HSI0732 | B46: Chinese | C46: 2015 | D46: Fruit/vegetables | E46: Detection of defects in Jujube fruit | F46: Defect detection | G46: Jujubes | H46: Classification, Localisation | I46: 450-1000 | J46: ImSpector V10E | K46: Averaged over ROI | L46: Averaged over ROI | M46: 663 | N46: SPA, RC | O46: SPA | P46: LS-SVM, PCA | Q46: No | R46: Morphology | S46: Article
A47: HSI0734 | B47: Chinese | C47: 2015 | D47: Fruit/vegetables | E47: Firmness of peaches | F47: Firmness | G47: Peaches | H47: Regression | I47: 928-1675 | J47: ImSpector N17E | K47: Averaged over ROI | L47: Averaged over ROI | M47: 140 | N47: CARS, SPA, UVE | O47: CARS, UVE | P47: SVM, BPNN | Q47: No | S47: Article
A48: HSI0738 | B48: Chinese | C48: 2015 | D48: Fruit/vegetables | E48: Ripeness of Shajin Apricot | F48: Maturity | G48: Apricots | H48: Classification | I48: 400-1000 | J48: Not stated | K48: Averaged over ROI | L48: Averaged over ROI | M48: 480 | N48: RC | O48: Only one | P48: ELM, PLSR, SLFN | Q48: Yes | R48: (Chinese) GLCM 6 statistical textural parameters: mean, contrast, correlation, energy, homogeneity and entropy. 6 colour indicators | S48: Article
A49: HSI0747 | B49: Chinese | C49: 2015 | D49: Fruit/vegetables | E49: Identification of slight bruises on winter jujubes | F49: Defect detection | G49: Jujubes | H49: Classification, Localisation | I49: 871-1766 | J49: Not clear | K49: Averaged over ROI | L49: Averaged over ROI | M49: 20 | N49: UVE-CC | O49: Only one | P49: None | Q49: No | R49: (Chinese) morphology | S49: Article
A50: HSI0753 | B50: Chinese | C50: 2015 | D50: Fruit/vegetables | E50: Detection of hollow heart of potatoes | F50: Internal defects | G50: Potatoes | H50: Classification | I50: 390-1040 | J50: ImSpector V10E | K50: Averaged over ROI | L50: Averaged over ROI | M50: 224 | N50: CARS, SPA | O50: CARS | P50: SVM | Q50: No | S50: Article
A51: HSI0759 | B51: English | C51: 2015 | D51: Fruit/vegetables | E51: Detection of bruises on apples | F51: Defect detection | G51: Apples | H51: Classification, Localisation | I51: 450-1000 | J51: ImSpector V10E | K51: Averaged over ROI | L51: Averaged over ROI | M51: 183 | N51: PC Loadings | O51: Only one | P51: None | Q51: No | R51: Morphology | S51: Article
A52: HSI0591 | B52: English | C52: 2016 | D52: Fruit/vegetables | E52: Soluble solids content of apples | F52: Soluble solids concentration | G52: Apples | H52: Regression | I52: 400-1000 | J52: ImSpector V10E | K52: Averaged over ROI | L52: Averaged over 60x60 ROI | M52: 253 | N52: sCARS | O52: Only one | P52: CPLS | Q52: Yes | R52: GLCM: Entropy, energy, correlation, contrast, homogeneity. 0, 45, 90, 135 degrees. D=1. | S52: Article
A53: HSI0598 | B53: Chinese | C53: 2016 | D53: Fruit/vegetables | E53: Soluble solids content of hami jujubes | F53: Soluble solids concentration | G53: Jujubes | H53: Regression | I53: 500-1000 | J53: ImSpector V10E | K53: Averaged over ROI | L53: Averaged over ROI | M53: 90 | N53: siPLS, GA-siPLS, CARS-GA-siPLS | O53: CARS-GA-siPLS, GA-siPLS | P53: PLS | Q53: No | S53: Article
A54: HSI0599 | B54: Chinese | C54: 2016 | D54: Fruit/vegetables | E54: Detection of pesticide residue on pears | F54: Pesticide residue | G54: Pears | H54: Regression | I54: 400-1051 | J54: Not stated | K54: Averaged over ROI | L54: Averaged over ROI | M54: 200 | N54: SPA | O54: Only one | P54: PCR, MLR | Q54: No | S54: Article
A55: HSI0600 | B55: English | C55: 2016 | D55: Fruit/vegetables | E55: Volatile compounds and cooking degree of baking potatoes | F55: Volatility of tuber composition, Tuber cooking degree | G55: Potatoes | H55: Regression, Distribution | I55: 964-1645 | J55: ImSpector N17E | K55: Averaged over ROI | L55: Averaged over ROI | M55: 360 | N55: FMCIA, CARS, PC Loadings, 2nd derivative | O55: FMCIA | P55: BPNN, PLSR | Q55: No | S55: Article
A56: HSI0605 | B56: English | C56: 2016 | D56: Fruit/vegetables | E56: Detection of decay in citrus | F56: Defect detection | G56: Citrus | H56: Classification, Localisation | I56: 500-1050 | J56: ImSpector V10E | K56: Averaged over ROI | L56: Averaged over rectangular ROI | M56: 210 | N56: PC Loadings | O56: Only one | P56: None | Q56: No | R56: Morphology | S56: Article
A57: HSI0609 | B57: English | C57: 2016 | D57: Fruit/vegetables | E57: Cold injury of peaches | F57: Firmness, Soluble solids concentration, Extractable juice, Titratable acid content, Chlorophyll content | G57: Peaches | H57: Regression | I57: 400-1000 | J57: ImSpector V10E | K57: Averaged over ROI | L57: Averaged over ROI | M57: 240 | N57: Custom: (Multi layer perceptron ANN) | O57: Only one | P57: ANN | Q57: No | S57: Article
A58: HSI0625 | B58: English | C58: 2016 | D58: Fruit/vegetables | E58: Soluble solids content of fuji apples | F58: Soluble solids concentration | G58: Apples | H58: Regression | I58: 928-1625 | J58: ImSpector N17E | K58: Averaged over ROI | L58: Averaged over 40x40 ROI | M58: 196 | N58: SPA, UVE | O58: SPA | P58: LS-SVM, PLS, ELM | Q58: No | S58: Article
A59: HSI0642 | B59: English | C59: 2016 | D59: Fruit/vegetables | E59: Moisture content uniformity of microwave vacuum dried mangoes | F59: Moisture content | G59: Mangoes | H59: Regression, Distribution | I59: 951-1630 | J59: ImSpector N17E | K59: Averaged over ROI | L59: Averaged over ROI | M59: Not stated | N59: RC, VIP | O59: RC | P59: PLS, MLR | Q59: No | S59: Article
A60: HSI0643 | B60: Chinese | C60: 2016 | D60: Fruit/vegetables | E60: Identification of pesticide residue in lettuce leaves | F60: Pesticide residue | G60: Lettuces | H60: Classification | I60: 872-1766 | J60: Not stated | K60: Averaged over ROI | L60: Averaged over ROI | M60: 384 | N60: PC Loadings, SPA | O60: SPA | P60: FLDA, Mahalanobis distance, KNN | Q60: No | R60: Says they use texture but not enough detail on method | S60: Article
A61: HSI0645 | B61: English | C61: 2016 | D61: Fruit/vegetables | E61: Early decay detection in citrus fruit | F61: Fungal infection detection | G61: Citrus | H61: Classification | I61: 500-1050 | J61: Not stated | K61: Averaged over ROI | L61: Averaged over ROI | M61: 160 | N61: PC Loadings | O61: Only one | P61: None | Q61: No | S61: Conference Paper
A62: HSI0655 | B62: English | C62: 2016 | D62: Fruit/vegetables | E62: Detection of pieris rapae larvae on cabbage leaves | F62: Larvae detection | G62: Cabbages | H62: Classification, Localisation | I62: 1000-1600 | J62: Not stated | K62: Averaged over ROI | L62: Averaged over ROI | M62: 120 | N62: SPA | O62: Only one | P62: PLS-DA, BPNN | Q62: No | R62: Some morphology to find larvae | S62: Article
A63: HSI0664 | B63: English | C63: 2016 | D63: Fruit/vegetables | E63: Pesticide residue on mulberry leaves | F63: Pesticide residue | G63: Mulberries | H63: Regression | I63: 450-1000 | J63: ImSpector V10E | K63: Averaged over ROI | L63: Averaged over 64x64 pixel ROI | M63: 144 | N63: RC | O63: Only one | P63: MLR, SVR | Q63: No | S63: Article
A64: HSI0668 | B64: English | C64: 2016 | D64: Fruit/vegetables | E64: External insect infestations on jujube fruit | F64: Insect infestation detection | G64: Jujubes | H64: Classification | I64: 975-1650 | J64: ImSpector N17E | K64: Averaged over ROI | L64: Averaged over selected 3x3 points | M64: 240 | N64: PC Loadings | O64: Only one | P64: None | Q64: No | R64: Connectivity analysis, band ratio | S64: Article
A65: HSI0672 | B65: English | C65: 2016 | D65: Fruit/vegetables | E65: Soluble solids content of kiwifruits | F65: Soluble solids concentration | G65: Kiwifruits | H65: Regression | I65: 928-1662 | J65: ImSpector N17E | K65: Averaged over ROI | L65: Averaged over ROI in center | M65: 200 | N65: SPA | O65: Only one | P65: PLS, LS-SVM | Q65: No | S65: Article
A66: HSI0487 | B66: English | C66: 2017 | D66: Fruit/vegetables | E66: Internal quality of kiwifruit (soluble solids and pH) | F66: Soluble solids concentration, pH, Firmness | G66: Kiwifruits | H66: Regression, Distribution | I66: 450-1000, 951-1670 | J66: ImSpector V10E, ImSpector N17E | K66: Averaged over ROI | L66: Averaged over ROI | M66: 133 | N66: RC, SPA, GA | O66: SPA, GA | P66: LS-SVM, MLR, PLSR | Q66: No | S66: Article
A67: HSI0491 | B67: English | C67: 2017 | D67: Fruit/vegetables | E67: Detecting internal bruising of blueberries | F67: Defect detection | G67: Blueberries | H67: Classification, Distribution | I67: 950-1650 | J67: Other | K67: Per pixel | L67: Per pixel because small samples | M67: 20 | N67: CARS, SPA | O67: CARS | P67: LS-SVM | Q67: No | S67: Article
A68: HSI0493 | B68: English | C68: 2017 | D68: Fruit/vegetables | E68: Anthocyanin content of purple fleshed sweet potato slices | F68: Anthocyanin content | G68: Potatoes | H68: Regression, Distribution | I68: 400-1000 | J68: Inno-Spec IST 50-3810 | K68: Averaged over ROI | L68: Averaged over ROI | M68: 132 | N68: RC | O68: Only one | P68: MLR, PLSR, SVM | Q68: No | S68: Article
A69: HSI0497 | B69: English | C69: 2017 | D69: Fruit/vegetables | E69: Detection of decayed honey peaches based on chlorophyll content | F69: Chlorophyll content, Defect detection | G69: Peaches | H69: Classification, Regression | I69: 400-1000 | J69: ImSpector V10E | K69: Averaged over ROI | L69: Averaged over ROI | M69: 300 | N69: SPA | O69: Only one | P69: PLS | Q69: No | S69: Article
A70: HSI0498 | B70: English | C70: 2017 | D70: Fruit/vegetables | E70: Freshness of sea cucumber | F70: Total volatile basic nitrogen content | G70: Sea cucumber | H70: Regression | I70: 400-1000 | J70: ImSpector V10E | K70: Averaged over ROI | L70: Averaged over ROI | M70: 60 | N70: PC Loadings | O70: Only one | P70: BPNN, PSO | Q70: Yes | R70: GGCM, GLCM, LBP. GLCM: 0, 45, 90, 135 degrees with distance 1. Average inertia moment, energy, entropy, correlation. | S70: Article
A71: HSI0504 | B71: English | C71: 2017 | D71: Fruit/vegetables | E71: Soluble solids content in Pinggu peaches | F71: Soluble solids concentration | G71: Peaches | H71: Regression | I71: 400-1000 | J71: ImSpector V10E | K71: Averaged over ROI | L71: Averaged over ROI | M71: 100 | N71: MC-UVE, CARS, SPA, RF | O71: RF, CARS, SPA | P71: PLS | Q71: No | S71: Article
A72: HSI0507 | B72: Chinese | C72: 2017 | D72: Fruit/vegetables | E72: Banana maturity characteristic prediction | F72: Maturity | G72: Bananas | H72: Classification | I72: 400-950 | J72: Hyper SIS VNIR | K72: Averaged over ROI | L72: Averaged over ROI | M72: 450 | N72: SPA, PC Loadings | O72: PC Loadings | P72: SVM, PLS-DA, ELM | Q72: No | S72: Article
A73: HSI0514 | B73: Chinese | C73: 2017 | D73: Fruit/vegetables | E73: Greengage acidity | F73: pH | G73: Greengage | H73: Regression | I73: 550-1000 | J73: Not stated | K73: Not stated | L73: Not stated | M73: 487 | N73: SPA-GA, GA, SPA | O73: GA, SPA-GA | P73: PLS | Q73: No | S73: Article
A74: HSI0522 | B74: English | C74: 2017 | D74: Fruit/vegetables | E74: Potato dry matter and starch concentration | F74: Dry matter content, Starch content | G74: Potatoes | H74: Regression, Distribution | I74: 964-1655 | J74: ImSpector N17E | K74: Averaged over ROI | L74: Averaged over ROI | M74: 432 | N74: RC, FMCIA | O74: FMCIA | P74: MLR, Locally weighted PLSR | Q74: No | S74: Article
A75: HSI0525 | B75: English | C75: 2017 | D75: Fruit/vegetables | E75: Discriminating pesticide residues in lettuce | F75: Pesticide residue | G75: Lettuces | H75: Classification | I75: 870-1780 | J75: ImSpector V10E | K75: Averaged over ROI | L75: Averaged over ROI | M75: 200 | N75: CMS-WT | O75: Only one | P75: SVM | Q75: No | S75: Article
A76: HSI0527 | B76: English | C76: 2017 | D76: Fruit/vegetables | E76: Banana quality | F76: Soluble solids concentration | G76: Bananas | H76: Regression | I76: 400-1000 | J76: SPECIM FX10 | K76: Averaged over ROI | L76: Averaged over sub ROI | M76: 45 | N76: CARS, RF | O76: CARS | P76: PLS | Q76: No | S76: Conference Paper
A77: HSI0528 | B77: Chinese | C77: 2017 | D77: Fruit/vegetables | E77: Maturity discrimination of hami melon | F77: Soluble solids concentration, Firmness, Maturity | G77: Hami melons | H77: Classification, Regression | I77: 450-1000 | J77: ImSpector V10E | K77: Averaged over ROI | L77: Averaged over ROI | M77: 200 | N77: CARS, SPA, CARS-SPA | O77: CARS-SPA, CARS | P77: SVM, PCA | Q77: No | S77: Article
A78: HSI0532 | B78: English | C78: 2017 | D78: Fruit/vegetables | E78: Detecting codling moth infestation in goldrush apples | F78: Moth infestation detection | G78: Apples | H78: Classification | I78: 434-1000 | J78: ImSpector V10E | K78: Averaged over ROI | L78: Averaged over sample | M78: 230 | N78: SFS | O78: Only one | P78: LDA, PLS-DA, ANN, KNN | Q78: No | S78: Article
A79: HSI0535 | B79: English | C79: 2017 | D79: Fruit/vegetables | E79: Volatile chlorpyrifos and non-volatile imidacloprid in jujube | F79: Pesticide residue, Chlorpyrifos concentration, Imidacloprid concentration | G79: Jujubes | H79: Regression | I79: 978-1586 | J79: ImSpector N17E | K79: Averaged over ROI | L79: Averaged over ROI | M79: 120 | N79: RC | O79: Only one | P79: Locally weighted PLSR, PLS-DA, AWLS-GSD | Q79: No | S79: Article
A80: HSI0539 | B80: English | C80: 2017 | D80: Fruit/vegetables | E80: Total anthocyanin content and antioxidant activity of mulberry fruit | F80: Anthocyanin content, Antioxidant activity | G80: Mulberries | H80: Regression | I80: 380-1030, 874-1734 | J80: ImSpector V10E, ImSpector N17E | K80: Averaged over ROI | L80: Averaged over sample | M80: 180 | N80: SPA, UVE, CARS, UVE-SPA | O80: Inconclusive | P80: LS-SVM, PLSR | Q80: No | S80: Article
A81: HSI0541 | B81: English | C81: 2017 | D81: Fruit/vegetables | E81: Internal qualities of hami melons | F81: Soluble solids concentration, Titrable acidity content, Firmness | G81: Hami melons | H81: Regression | I81: 450-1000 | J81: ImSpector V10E | K81: Averaged over ROI | L81: Averaged over ROI | M81: 150 | N81: GA, SPA, CARS | O81: CARS, GA | P81: PLS | Q81: No | S81: Article
A82: HSI0542 | B82: Chinese | C82: 2017 | D82: Fruit/vegetables | E82: Sugar value and moisture content of strawberries | F82: Moisture content, Sugar content | G82: Strawberries | H82: Regression | I82: 391-1043 | J82: Hyper SIS VNIR | K82: Averaged over ROI | M82: 178 | N82: RC-ASD | O82: Only one | P82: None | Q82: No | S82: Article
A83: HSI0546 | B83: English | C83: 2017 | D83: Fruit/vegetables | E83: Detecting CPPU-Treated kiwifruit | F83: CPPU-Treatment | G83: Kiwifruits | H83: Classification | I83: 941-1669 | J83: ImSpector N17E | K83: Averaged over ROI | L83: Averaged over 30x30 ROI | M83: 480 | N83: SPA | O83: Only one | P83: ELM, SVM | Q83: No | S83: Article
A84: HSI0548 | B84: Chinese | C84: 2017 | D84: Fruit/vegetables | E84: Soluble Solid Content in Lingwu Jujube | F84: Soluble solids concentration | G84: Jujubes | H84: Regression | I84: 400-1000 | J84: ImSpector V10E | K84: Averaged over ROI | L84: Averaged over ROI | M84: 156 | N84: SPA, CARS | O84: CARS | P84: PLSR, PCR | Q84: No | S84: Article
A85: HSI0552 | B85: English | C85: 2017 | D85: Fruit/vegetables | E85: Hollowness classification of white radish | F85: Hollowness | G85: White radish | H85: Classification | I85: 400-1000 | J85: ImSpector V10E | K85: Averaged over ROI | L85: Averaged over ROI | M85: 440 | N85: SPA | O85: Only one | P85: BPNN, PLS-DA | Q85: No | S85: Article
A86: HSI0555 | B86: Chinese | C86: 2017 | D86: Fruit/vegetables | E86: Classification of dried red jujubes varieties | F86: Variety | G86: Jujubes | H86: Classification | I86: 1000-1600 | J86: Not stated | K86: Averaged over ROI | L86: Averaged over ROI | M86: 240 | N86: PC Loadings, PLS Loadings, SPA | O86: Inconclusive | P86: PLS-DA, BPNN, LS-SVM | Q86: Yes | R86: (Chinese) GLCM: | S86: Article
A87: HSI0560 | B87: English | C87: 2017 | D87: Fruit/vegetables | E87: Discrimination of kiwifruits treated with different concentrations of forchlorfenuron | F87: Forchlorfenuron treatment | G87: Kiwifruits | H87: Classification | I87: 928-1659 | J87: ImSpector N17E | K87: Averaged over ROI | L87: Averaged over ROI | M87: 400 | N87: SPA | O87: Only one | P87: SVM, PLS-DA, ELM, Random forest | Q87: No | S87: Article
A88: HSI0562 | B88: English | C88: 2017 | D88: Fruit/vegetables | E88: Internal quality of loquat fruit | F88: Total soluble solids | G88: Loquats | H88: Regression, Distribution | I88: 468-1026, 948-1650 | J88: ImSpector V10E, ImSpector N17E | K88: Averaged over ROI | L88: Averaged over ROI | M88: 372 | N88: SPA, UVE, UVE-SPA | O88: UVE, UVE-SPA | P88: PLSR, LS-SVM | Q88: No | S88: Article
A89: HSI0568 | B89: English | C89: 2017 | D89: Fruit/vegetables | E89: Detection of aphid infestation on pakchoi | F89: Aphid infestation | G89: Pakchoi | H89: Classification | I89: 380-1030 | J89: ImSpector V10E | K89: Averaged over ROI | L89: Averaged over ROI | M89: 306 | N89: MC-UVE, CARS, VCPA, MCFS, SPA | O89: MCFS, CARS, SPA, MC-UVE | P89: SVM | Q89: No | S89: Conference Paper
A90: HSI0572 | B90: English | C90: 2017 | D90: Fruit/vegetables | E90: Defects in guava | F90: Defect detection | G90: Guava | H90: Classification | I90: 430-662 | J90: ImSpector V10E | K90: Per pixel | L90: Per pixel | M90: 10 | N90: SFS | O90: Only one | P90: LDA, QDA | Q90: No | R90: Morphological | S90: Conference Paper
A91: HSI0574 | B91: English | C91: 2017 | D91: Fruit/vegetables | E91: Early detection of aphid infestation on chinese cabbage | F91: Aphid infestation | G91: Chinese cabbage | H91: Classification | I91: 420-1030 | J91: ImSpector V10E | K91: Averaged over ROI | L91: Averaged over ROI | M91: 63 | N91: PC Loadings | O91: Only one | P91: LS-SVM | Q91: Yes | R91: GLCM: 0, 45, 90, 135 degrees, d=1. Contrast, correlation, energy, homogeneity. | S91: Article
A92: HSI0579 | B92: Chinese | C92: 2017 | D92: Fruit/vegetables | E92: Bruise detection on Korla pears | F92: Defect detection | G92: Korla pears | H92: Classification, Localisation | I92: 470-963 | J92: ImSpector V10E | K92: Averaged over ROI | L92: Averaged over ROI | M92: 60 | N92: 2nd derivative | O92: Only one | P92: SVM | Q92: No | S92: Article
A93: HSI0582 | B93: English | C93: 2017 | D93: Fruit/vegetables | E93: Classification of chilling injury in peaches | F93: Chilling injury | G93: Peaches | H93: Classification, Distribution | I93: 400-1000 | J93: ImSpector V10E | K93: Averaged over ROI | L93: Averaged over centered ROI | M93: 330 | N93: SPA | O93: Only one | P93: ANN, SVM, PLS-DA, FLDA | Q93: No | S93: Article
A94: HSI0371 | B94: Chinese | C94: 2018 | D94: Fruit/vegetables | E94: Pesticide residue in spinach leaves | F94: Residue classification | G94: Spinach | H94: Classification | I94: 900-1700 | J94: Image-λ | K94: Averaged over ROI | L94: Averaged over 50 pixels on leaf | M94: 125 | N94: Chi-squared test | O94: Only one | P94: SVM, Naive bayes, Decision trees, LDA | Q94: No | S94: Article
A95: HSI0374 | B95: English | C95: 2018 | D95: Fruit/vegetables | E95: Blueberry bruising detection | F95: Defect detection | G95: Blueberries | H95: Classification | I95: 480-960, 965-1650 | J95: ImSpector V10E, Other | K95: Averaged over ROI | L95: Averaged over ROI | M95: 704 | N95: RF | O95: Only one | P95: Bayesian network | Q95: No | S95: Article
A96: HSI0375 | B96: English | C96: 2018 | D96: Fruit/vegetables | E96: Soluble solids content in peaches | F96: Soluble solids concentration | G96: Peaches | H96: Regression | I96: 400-1000 | J96: ImSpector V10E | K96: Averaged over ROI | L96: Averaged over the averages of ROI from different areas of the peach | M96: 130 | N96: RF, MC-UVE, CARS | O96: RF, MC-UVE | P96: PLS | Q96: No | S96: Article
A97: HSI0381 | B97: English | C97: 2018 | D97: Fruit/vegetables | E97: Raisin variety identification | F97: Variety | G97: Raisin | H97: Classification, Distribution | I97: 975-1646 | J97: ImSpector N17E | K97: Both | L97: Both were tried (pixel-wise and object-wise spectra) | M97: Not stated | N97: PC Loadings | O97: Only one | P97: SVM, KNN, RBFNN | Q97: No | S97: Article
A98: HSI0387 | B98: English | C98: 2018 | D98: Fruit/vegetables | E98: Pungency of green peppers | F98: Capsaicin concentration, Dihydrocapsaicin concentration | G98: Green peppers | H98: Regression, Distribution | I98: 1000-1600 | J98: HyperSpec SWIR | K98: Averaged over ROI | L98: Averaged over ROI | M98: 200 | N98: SPA | O98: Only one | P98: PLS | Q98: No | S98: Article
A99: HSI0392 | B99: English | C99: 2018 | D99: Fruit/vegetables | E99: Firmness and dry matter content in onion bulbs | F99: Firmness, Dry matter content | G99: Onions | H99: Regression | I99: 1016-1742 | J99: Not stated | K99: Averaged over ROI | L99: Averaged over ROI | M99: 270 | N99: rPLS, iPLS | O99: rPLS | P99: PLSR | Q99: No | S99: Article
A100: HSI0393 | B100: English | C100: 2018 | D100: Fruit/vegetables | E100: Early detection of apply bruises | F100: Defect detection | G100: Apples | H100: Classification | I100: 401-1037 | J100: SOC710 | K100: Averaged over ROI | L100: Averaged over bruised region | M100: 40 | N100: CARS, CARS-RC | O100: CARS-RC | P100: SVM | Q100: No | S100: Article
...

Sheet Texture studies
G1: Feature types | T1: GLCM Feature attributes
A2: Timestamp | B2: Code | C2: Description | D2: Variable | E2: Target | F2: Type | G2: LBP | H2: Gabor | I2: GLGCM | J2: Histogram/Shape | K2: Other | L2: GLCM | M2: What texture features are used? | N2: At what level are the features combined: pixel level, feature level, or decision level? | O2: Column1 | P2: Features extracted before or after wavelength selection | Q2: Feature images | R2: How were feature images selected? | S2: Other notes on study design | T2: Homogeneity | U2: Contrast | V2: Entropy | W2: Correlation | X2: Energy | Y2: D | Z2: Theta | AA2: Averaging | AB2: Which performs better if models using compared? | AC2: Do the texture features improve performance when combined with spectral features?
A3: 2022/02/01 9:09:52 am GMT+13 | B3: HSI0011 | C3: =INDEX('Extracted information'!G:G, MATCH(B3,'Extracted information'!A:A,0)) -> Beef | D3: =INDEX('Extracted information'!H:H, MATCH(B3,'Extracted information'!A:A,0)) -> Regression, Distribution | E3: =INDEX('Extracted information'!I:I, MATCH(B3,'Extracted information'!A:A,0)) -> 400-1000 | F3: =INDEX('Extracted information'!J:J, MATCH(B3,'Extracted information'!A:A,0)) -> ImSpector V10E | K3: 1 | M3: Discrete Wavelet Transform (DCT) | N3: Feature level | O3: 0 | Q3: Optimal-PCA | R3: From the nine selected wavelengths PCA was fit and PC1 and PC2 were used. | S3: Decompose the original image into sub-images at a different resolution for detailed analysis. Daubechies-8 is the mother wavelet function to decompose at the second level. Six detailed coefficients (cH1, cV1, cD1, cH2, cV2, cD2) from each PC score image. First 3 singular values were extracted. 6 * 3 * 2 = 36 total. 9 + 36 features total. | AB3: Spectral features | AC3: Yes
A4: 2022/02/01 9:22:03 am GMT+13 | B4: HSI0019 | C4: =INDEX('Extracted information'!G:G, MATCH(B4,'Extracted information'!A:A,0)) -> Rice leaves | D4: =INDEX('Extracted information'!H:H, MATCH(B4,'Extracted information'!A:A,0)) -> Classification | E4: =INDEX('Extracted information'!I:I, MATCH(B4,'Extracted information'!A:A,0)) -> 450-1000 | F4: =INDEX('Extracted information'!J:J, MATCH(B4,'Extracted information'!A:A,0)) -> ImSpector V10E | L4: 1 | M4: GLCM | N4: Feature level | O4: 0 | P4: Texture selection | Q4: PCA | R4: PC1-PC3 | S4: mean energy, std dev of energy, mean entropy, std dev of entropy, std dev of contrast, mean contrast, correlation, d=1. | T4: 0 | U4: 1 | V4: 1 | W4: 1 | X4: 1 | Y4: 1 | Z4: 0, 45, 90, 135 | AA4: Not clear (Assumed average) | AB4: Spectral features | AC4: Yes
A5: 2022/02/01 9:40:12 am GMT+13 | B5: HSI0057 | C5: =INDEX('Extracted information'!G:G, MATCH(B5,'Extracted information'!A:A,0)) -> Lamb | D5: =INDEX('Extracted information'!H:H, MATCH(B5,'Extracted information'!A:A,0)) -> Classification | E5: =INDEX('Extracted information'!I:I, MATCH(B5,'Extracted information'!A:A,0)) -> 400-1000 | F5: =INDEX('Extracted information'!J:J, MATCH(B5,'Extracted information'!A:A,0)) -> SOC710 | I5: 1 | M5: GLGCM | N5: Feature level | O5: 0 | P5: Not stated | Q5: Features were also narrowed down post extraction | R5: Not clear but one set | S5: 15 textural features tested, 4 effective variables chosen. Small gradient dominant, large gradient advantage, gray distribution, gradient distribution inhomogeneity, energy, gray average, gradient average, gray mean square error, gradient mean square error, correlation, gray entropy, gradient entropy, mixed entropy, inertia, inverse moment. | AB5: Spectral features | AC5: Yes
A6: 2022/02/02 3:23:44 pm GMT+13 | B6: HSI0066 | C6: =INDEX('Extracted information'!G:G, MATCH(B6,'Extracted information'!A:A,0)) -> Pork | D6: =INDEX('Extracted information'!H:H, MATCH(B6,'Extracted information'!A:A,0)) -> Regression, Distribution | E6: =INDEX('Extracted information'!I:I, MATCH(B6,'Extracted information'!A:A,0)) -> 900-1700 | F6: =INDEX('Extracted information'!J:J, MATCH(B6,'Extracted information'!A:A,0)) -> HyperSpec NIR | H6: 1 | K6: 1 | M6: WLDF, Gabor filter | N6: Not combined | O6: 2 | P6: After: selected | Q6: Selected wavelengths | R6: Each method had its on selected wavelengths | S6: Wide line detector method: Basically, a wide line detector method uses three parameters: the radius of a circular disk, the intensity contrast threshold, and the global threshold. Initially, the marbling is detected, and global thresholding is applied to the detected marbling. Gabor: Î¸ = 0Â°, 45Â°, 90Â°, 135Â°, GF was calculated from all the four orientations, and the results were averaged to obtain rotationally invariant results for each hyperspectral image. | AB6: Texture features
A7: 2022/02/01 10:03:46 am GMT+13 | B7: HSI0079 | C7: =INDEX('Extracted information'!G:G, MATCH(B7,'Extracted information'!A:A,0)) -> Soil | D7: =INDEX('Extracted information'!H:H, MATCH(B7,'Extracted information'!A:A,0)) -> Regression | E7: =INDEX('Extracted information'!I:I, MATCH(B7,'Extracted information'!A:A,0)) -> 970-1735 | F7: =INDEX('Extracted information'!J:J, MATCH(B7,'Extracted information'!A:A,0)) -> Not stated | L7: 1 | M7: GLCM | N7: Feature level | O7: 1 | P7: Before: selected by SPA | Q7: Optimal wavelengths | R7: Extracted from selected wavelengths from SPA | S7: 0, 30, 60, 90 degrees, then averaged. Energy, contrast, homogeneity, entropy. | T7: 1 | U7: 1 | V7: 1 | W7: 0 | X7: 1 | Y7: 1 | Z7: 0, 30, 60, 90 | AA7: Averaged over 4 directions | AB7: Not compared individually or inconclusive
A8: 2022/02/01 10:25:14 am GMT+13 | B8: HSI0120 | C8: =INDEX('Extracted information'!G:G, MATCH(B8,'Extracted information'!A:A,0)) -> Lamb | D8: =INDEX('Extracted information'!H:H, MATCH(B8,'Extracted information'!A:A,0)) -> Regression, Distribution | E8: =INDEX('Extracted information'!I:I, MATCH(B8,'Extracted information'!A:A,0)) -> 900-1700 | F8: =INDEX('Extracted information'!J:J, MATCH(B8,'Extracted information'!A:A,0)) -> ImSpector N17E | L8: 1 | M8: GLCM | N8: Feature level | O8: 0 | Q8: PCA | R8: PC1 | S8: Angle = 0, 45, 90, 135, d=1. Contrast, energy, correlation, homogeneity. Averaged into one value for each. 4 angles * 4 features = 16 features. | T8: 1 | U8: 1 | V8: 0 | W8: 1 | X8: 1 | Y8: 1 | Z8: 0, 45, 90, 135 | AA8: Averaged over 4 directions | AB8: Not compared individually or inconclusive | AC8: Yes
A9: 2022/02/01 10:46:05 am GMT+13 | B9: HSI0136 | C9: =INDEX('Extracted information'!G:G, MATCH(B9,'Extracted information'!A:A,0)) -> Salmon | D9: =INDEX('Extracted information'!H:H, MATCH(B9,'Extracted information'!A:A,0)) -> Regression | E9: =INDEX('Extracted information'!I:I, MATCH(B9,'Extracted information'!A:A,0)) -> 950-1650 | F9: =INDEX('Extracted information'!J:J, MATCH(B9,'Extracted information'!A:A,0)) -> ImSpector N17E | J9: 1 | L9: 1 | M9: GLCM, Histogram statistics | N9: Feature level | O9: 0 | Q9: PCA | R9: PC2 and PC3 images of selected wavelengths | S9: Mean intensity, mean contrast, roughness, third-order moment, consistency, entropy. GLCM: Contrast, Homogeneity, Energy, Correlation. d=1, angle = 0. | T9: 1 | U9: 1 | V9: 0 | W9: 1 | X9: 1 | Y9: 1 | Z9: 0 | AA9: Single angle | AB9: Spectral features | AC9: Yes
A10: 2022/02/01 11:05:28 am GMT+13 | B10: HSI0143 | C10: =INDEX('Extracted information'!G:G, MATCH(B10,'Extracted information'!A:A,0)) -> Wheat | D10: =INDEX('Extracted information'!H:H, MATCH(B10,'Extracted information'!A:A,0)) -> Classification | E10: =INDEX('Extracted information'!I:I, MATCH(B10,'Extracted information'!A:A,0)) -> 400-1000 | F10: =INDEX('Extracted information'!J:J, MATCH(B10,'Extracted information'!A:A,0)) -> SOC710 | J10: 1 | L10: 1 | M10: GLCM, shape features | N10: Feature level | O10: 1 | P10: Before: selected by PCA, RF, SPA | Q10: Optimal wavelengths | R10: Not stated | S10: 0, 45, 90, 135 degrees. Energy, entropy, contrast, correlation, homogeneity. Shape complexity, eccentricity, circularity, rectangularity, area, perimeter. Somehow they got 10 feature out of 5. Feature image not explained. | T10: 1 | U10: 1 | V10: 1 | W10: 1 | X10: 1 | Y10: Not stated | Z10: 0, 45, 90, 135 | AA10: Not stated | AB10: Not compared individually or inconclusive | AC10: Yes
A11: 2022/02/01 11:26:17 am GMT+13 | B11: HSI0200 | C11: =INDEX('Extracted information'!G:G, MATCH(B11,'Extracted information'!A:A,0)) -> Pork | D11: =INDEX('Extracted information'!H:H, MATCH(B11,'Extracted information'!A:A,0)) -> Regression, Distribution | E11: =INDEX('Extracted information'!I:I, MATCH(B11,'Extracted information'!A:A,0)) -> 400-1000 | F11: =INDEX('Extracted information'!J:J, MATCH(B11,'Extracted information'!A:A,0)) -> ImSpector V10E | L11: 1 | M11: GLCM | N11: Feature level | O11: 0 | Q11: Not clear | R11: Not stated | S11: Mean, homogeneity, contrast, entropy, second moment, correlation. D =1, 64 gray levels (?), 0, 45, 90, 135 degrees. 6 features by 618 pixels = 3708 features. | T11: 1 | U11: 1 | V11: 1 | W11: 1 | X11: 1 | Y11: 1 | Z11: 0, 45, 90, 135 | AA11: Not averaged | AB11: Not compared individually or inconclusive
A12: 2022/02/01 11:35:52 am GMT+13 | B12: HSI0221 | C12: =INDEX('Extracted information'!G:G, MATCH(B12,'Extracted information'!A:A,0)) -> Rice | D12: =INDEX('Extracted information'!H:H, MATCH(B12,'Extracted information'!A:A,0)) -> Classification | E12: =INDEX('Extracted information'!I:I, MATCH(B12,'Extracted information'!A:A,0)) -> 430-960 | F12: =INDEX('Extracted information'!J:J, MATCH(B12,'Extracted information'!A:A,0)) -> Not stated | K12: 1 | M12: Texture difference | N12: Feature level | O12: 1 | P12: Before: five feature wavelengths | Q12: Optimal wavelengths | R12: Selected by GA | S12: Texture difference images before and after exposure. Averaged over 1500 pixel dye area circle. 5 selected wavelengths * 3 types of dye = 15-dimensional feature vector. | AB12: Spectral features | AC12: No
A13: 2022/02/02 3:32:53 pm GMT+13 | B13: HSI0226 | C13: =INDEX('Extracted information'!G:G, MATCH(B13,'Extracted information'!A:A,0)) -> 0 | D13: =INDEX('Extracted information'!H:H, MATCH(B13,'Extracted information'!A:A,0)) -> Classification | E13: =INDEX('Extracted information'!I:I, MATCH(B13,'Extracted information'!A:A,0)) -> 1000-1600 | F13: =INDEX('Extracted information'!J:J, MATCH(B13,'Extracted information'!A:A,0)) -> Not stated | K13: 1 | M13: CNN | N13: Feature level: extracted by CNN individually and merged as concat features. | O13: 0 | P13: Learnt | Q13: Selected wavelengths | R13: Weight indicator of 2BNN | S13: Two-branch network structure is adopted for spectral-spatial information fusion. For a fair comparison, the numbers of EWs kept consistent with the numbers determined by SPA, which were 15, 21 and 15 for the herbal medicine, coffee bean and strawberry data sets, respectively. | AB13: Not compared individually or inconclusive | AC13: Yes
A14: 2022/02/01 11:50:31 am GMT+13 | B14: HSI0232 | C14: =INDEX('Extracted information'!G:G, MATCH(B14,'Extracted information'!A:A,0)) -> Maize | D14: =INDEX('Extracted information'!H:H, MATCH(B14,'Extracted information'!A:A,0)) -> Classification | E14: =INDEX('Extracted information'!I:I, MATCH(B14,'Extracted information'!A:A,0)) -> 400-1000 | F14: =INDEX('Extracted information'!J:J, MATCH(B14,'Extracted information'!A:A,0)) -> HyperSpec VNIR | J14: 1 | L14: 1 | M14: First and second order statistics (potentially GLCM?) | N14: Feature level | O14: 1 | P14: Before: optimal wavelengths | Q14: Optimal wavelengths | R14: 10 optimal wavelengths | S14: First order statistics: Energy, entropy, skew, STD, moment. Second order statistics: average, STD: contrast, correlation, energy, homogeneity. Angles: 0, 45, 90, 135, d=1. 14 Features total = 5 + 2 * 4 + 1 mean spectra. | T14: 1 | U14: 1 | V14: 0 | W14: 1 | X14: 1 | Y14: 1 | Z14: 0, 45, 90, 135 | AA14: Not clear (Assumed average) | AB14: Spectral features | AC14: No
A15: 2022/02/01 12:43:35 pm GMT+13 | B15: HSI0251 | C15: =INDEX('Extracted information'!G:G, MATCH(B15,'Extracted information'!A:A,0)) -> Soil | D15: =INDEX('Extracted information'!H:H, MATCH(B15,'Extracted information'!A:A,0)) -> Classification | E15: =INDEX('Extracted information'!I:I, MATCH(B15,'Extracted information'!A:A,0)) -> 975-1645 | F15: =INDEX('Extracted information'!J:J, MATCH(B15,'Extracted information'!A:A,0)) -> ImSpector N17E | L15: 1 | M15: GLCM | N15: Feature level | O15: 1 | P15: Before: optimal wavelengths | Q15: Optimal wavelengths | R15: Optimal wavelengths | S15: Contrast, correlation, energy, and homogeneity. 4 * 9 optimal wavelengths. Averaged. | T15: 1 | U15: 1 | V15: 0 | W15: 1 | X15: 1 | Y15: 1 | Z15: 0, 45, 90, 135 | AA15: Averaged over 4 directions | AB15: Spectral features | AC15: Yes
A16: 2022/02/01 1:28:46 pm GMT+13 | B16: HSI0309 | C16: =INDEX('Extracted information'!G:G, MATCH(B16,'Extracted information'!A:A,0)) -> Chicken | D16: =INDEX('Extracted information'!H:H, MATCH(B16,'Extracted information'!A:A,0)) -> Classification | E16: =INDEX('Extracted information'!I:I, MATCH(B16,'Extracted information'!A:A,0)) -> 400-1000 | F16: =INDEX('Extracted information'!J:J, MATCH(B16,'Extracted information'!A:A,0)) -> ImSpector V10E | J16: 1 | L16: 1 | M16: GLCM, Grayscale histogram statistics | N16: Feature level | O16: 0 | Q16: PCA | R16: PC2 and PC3 score images | S16: Homogeneity, contrast, energy, correlation. Angle (0, 45, 90, 135) d = 1. Averaged over four directions. Grayscale histogram statistics: mean intensity, mean contrast, roughness, third-order moment, consistency, entropy. | T16: 1 | U16: 1 | V16: 0 | W16: 1 | X16: 1 | Y16: 1 | Z16: 0, 45, 90, 135 | AA16: Averaged over 4 directions | AB16: Spectral features | AC16: Yes
A17: 2022/02/01 3:55:13 pm GMT+13 | B17: HSI0330 | C17: =INDEX('Extracted information'!G:G, MATCH(B17,'Extracted information'!A:A,0)) -> Silkworm pupae | D17: =INDEX('Extracted information'!H:H, MATCH(B17,'Extracted information'!A:A,0)) -> Classification | E17: =INDEX('Extracted information'!I:I, MATCH(B17,'Extracted information'!A:A,0)) -> 400-900 | F17: =INDEX('Extracted information'!J:J, MATCH(B17,'Extracted information'!A:A,0)) -> ImSpector V10E | L17: 1 | M17: GLCM | N17: Feature level | O17: 0 | Q17: Preselected | R17: 500nm based on previous study | S17: Angle 0, 45, 90, 135. Contrast, entropy, energy, correlation. | T17: 0 | U17: 1 | V17: 1 | W17: 1 | X17: 1 | Y17: Not stated | Z17: 0, 45, 90, 135 | AA17: Not stated | AB17: Spectral features | AC17: Yes
A18: 2022/02/01 4:14:19 pm GMT+13 | B18: HSI0347 | C18: =INDEX('Extracted information'!G:G, MATCH(B18,'Extracted information'!A:A,0)) -> Soybeans | D18: =INDEX('Extracted information'!H:H, MATCH(B18,'Extracted information'!A:A,0)) -> Classification | E18: =INDEX('Extracted information'!I:I, MATCH(B18,'Extracted information'!A:A,0)) -> 401-1000 | F18: =INDEX('Extracted information'!J:J, MATCH(B18,'Extracted information'!A:A,0)) -> Not stated | L18: 1 | M18: GLCM | N18: Feature level | O18: 1 | P18: Before: three feature bands | Q18: Optimal wavelengths | R18: Three selected wavelengths | S18: Entropy, correlation, interia moment, energy. Averaged over ROI. 4*3 | T18: 0 | U18: 1 | V18: 1 | W18: 1 | X18: 1 | Y18: Not stated | Z18: Not stated | AA18: Not stated | AB18: Not compared individually or inconclusive
A19: 2022/02/02 12:29:06 pm GMT+13 | B19: HSI0395 | C19: =INDEX('Extracted information'!G:G, MATCH(B19,'Extracted information'!A:A,0)) -> Silkworm pupae | D19: =INDEX('Extracted information'!H:H, MATCH(B19,'Extracted information'!A:A,0)) -> Classification | E19: =INDEX('Extracted information'!I:I, MATCH(B19,'Extracted information'!A:A,0)) -> 400-900 | F19: =INDEX('Extracted information'!J:J, MATCH(B19,'Extracted information'!A:A,0)) -> ImSpector V10E | L19: 1 | M19: GLCM | N19: Feature level | O19: 0 | Q19: PCA | R19: PC1, 2, 3 of entire image | S19: 48 textural features were computed from the gray cooccurrence matrix with four different angles (0, 45, 90,145). Four textural features (contrast, homogeneity, energy, correlation). 3 Images | T19: 1 | U19: 1 | V19: 0 | W19: 1 | X19: 1 | Y19: Not stated | Z19: 0, 45, 90, 145 | AA19: Not averaged | AB19: Spectral features | AC19: Yes
A20: 2022/02/02 12:51:09 pm GMT+13 | B20: HSI0399 | C20: =INDEX('Extracted information'!G:G, MATCH(B20,'Extracted information'!A:A,0)) -> Tea leaves | D20: =INDEX('Extracted information'!H:H, MATCH(B20,'Extracted information'!A:A,0)) -> Classification | E20: =INDEX('Extracted information'!I:I, MATCH(B20,'Extracted information'!A:A,0)) -> 400-1000 | F20: =INDEX('Extracted information'!J:J, MATCH(B20,'Extracted information'!A:A,0)) -> ImSpector V10E | I20: 1 | M20: GLGCM | N20: Feature level | O20: 1 | P20: Before: five feature wavelengths | Q20: Optimal wavelengths | R20: Five optimal wavelengths | S20: 30 textural variables were extracted by GLGCM. six statistical texture variables â€“ smoothness, third moment â€“ uniformity, entropy, mean and standard deviation â€“ were extracted from each optimal band image Feature-level fusion has the advantage of avoiding huge data preprocessing and potential information losses. Thus it was used to integrate spectra and textural data in this study. With data fusion, a large-value parameter would hide the predicting power of smaller-value parameters. | AB20: Spectral features | AC20: Yes
B21: HSI0418 | C21: =INDEX('Extracted information'!G:G, MATCH(B21,'Extracted information'!A:A,0)) -> Tomato leaves | D21: =INDEX('Extracted information'!H:H, MATCH(B21,'Extracted information'!A:A,0)) -> Classification | E21: =INDEX('Extracted information'!I:I, MATCH(B21,'Extracted information'!A:A,0)) -> 500-1000 | F21: =INDEX('Extracted information'!J:J, MATCH(B21,'Extracted information'!A:A,0)) -> ImSpector V10E | L21: 1 | M21: GLCM | N21: Not used together | P21: Before: wavelength selected by 1st der and ADS | Q21: Optimal wavelengths | R21: Optimal wavelengths ratios | S21: Interia, ASM, Correlation, Entropy | T21: 0 | U21: 1 | V21: 1 | W21: 1 | X21: 1 | Y21: Not stated | Z21: 0, 45, 90, 135 | AA21: Averaged over four directions | AB21: Not compared individually or inconclusive
A22: 2022/02/02 1:00:25 pm GMT+13 | B22: HSI0424 | C22: =INDEX('Extracted information'!G:G, MATCH(B22,'Extracted information'!A:A,0)) -> Chicken | D22: =INDEX('Extracted information'!H:H, MATCH(B22,'Extracted information'!A:A,0)) -> Classification, Distribution | E22: =INDEX('Extracted information'!I:I, MATCH(B22,'Extracted information'!A:A,0)) -> 400-1000 | F22: =INDEX('Extracted information'!J:J, MATCH(B22,'Extracted information'!A:A,0)) -> ImSpector V10E | L22: 1 | M22: GLCM | N22: Feature level | O22: 0 | Q22: PCA | R22: Three PC score images | S22: 0, 45, 90, 135. d=1, contrast, energy, correlation, homogeneity. Directions were averaged into one value | T22: 1 | U22: 1 | V22: 0 | W22: 1 | X22: 1 | Y22: 1 | Z22: 0, 45, 90, 135 | AA22: Averaged over 4 directions | AB22: Spectral features | AC22: Yes
A23: 2022/02/02 2:24:38 pm GMT+13 | B23: HSI0429 | C23: =INDEX('Extracted information'!G:G, MATCH(B23,'Extracted information'!A:A,0)) -> Peaches | D23: =INDEX('Extracted information'!H:H, MATCH(B23,'Extracted information'!A:A,0)) -> Classification | E23: =INDEX('Extracted information'!I:I, MATCH(B23,'Extracted information'!A:A,0)) -> 400-1000 | F23: =INDEX('Extracted information'!J:J, MATCH(B23,'Extracted information'!A:A,0)) -> ImSpector V10E | L23: 1 | M23: GLCM | N23: Feature level | O23: 0 | Q23: PCA | R23: First PC image | S23: Energy (ENE), contrast (CON), entropy (ENT), and inverse difference (INV) were extracted from four directions (0â—¦, 45, 90, 135) Histogram counts of 32 bins were extracted from the first principal component image. Thus, there were total 54 parameters extracted from one sample, 6 color features, 16 from GLCM, and 32 from histogram counts. | T23: 1 | U23: 1 | V23: 1 | W23: 0 | X23: 1 | Y23: Not stated | Z23: 0, 45, 90, 135 | AA23: Not averaged | AB23: Spectral features | AC23: Yes
A24: 2022/02/02 2:35:40 pm GMT+13 | B24: HSI0436 | C24: =INDEX('Extracted information'!G:G, MATCH(B24,'Extracted information'!A:A,0)) -> Jujubes | D24: =INDEX('Extracted information'!H:H, MATCH(B24,'Extracted information'!A:A,0)) -> Classification | E24: =INDEX('Extracted information'!I:I, MATCH(B24,'Extracted information'!A:A,0)) -> 430-1023 | F24: =INDEX('Extracted information'!J:J, MATCH(B24,'Extracted information'!A:A,0)) -> ImSpector V10E | L24: 1 | M24: GLCM | N24: Feature level | O24: 1 | P24: Before | Q24: Optimal wavelengths | R24: Optimal wavelengths | S24: Contrast, homogeneity, energy, and correlation (No other information) | T24: 1 | U24: 1 | V24: 0 | W24: 1 | X24: 1 | Y24: Not stated | Z24: Not stated | AA24: Not stated | AB24: Not compared individually or inconclusive | AC24: No
A25: 2022/02/02 2:42:38 pm GMT+13 | B25: HSI0439 | C25: =INDEX('Extracted information'!G:G, MATCH(B25,'Extracted information'!A:A,0)) -> Lychee | D25: =INDEX('Extracted information'!H:H, MATCH(B25,'Extracted information'!A:A,0)) -> Classification | E25: =INDEX('Extracted information'!I:I, MATCH(B25,'Extracted information'!A:A,0)) -> 450-850 | F25: =INDEX('Extracted information'!J:J, MATCH(B25,'Extracted information'!A:A,0)) -> Hyper SIS VNIR | L25: 1 | M25: GLCM | N25: Feature level | O25: 1 | P25: Before | Q25: Optimal wavelengths | R25: Single selected wavelength from PC3 loadings | S25: Contrast, correlation, energy, homogeneity, variance, mean value (the mean value can express the color characteristics of the image) and entropy. Mean is just average of ROI | T25: 1 | U25: 1 | V25: 1 | W25: 1 | X25: 1 | Y25: Not stated | Z25: Not stated | AA25: Not stated | AB25: Not compared individually or inconclusive
A26: 2022/02/02 2:46:54 pm GMT+13 | B26: HSI0443 | C26: =INDEX('Extracted information'!G:G, MATCH(B26,'Extracted information'!A:A,0)) -> Chicken | D26: =INDEX('Extracted information'!H:H, MATCH(B26,'Extracted information'!A:A,0)) -> Classification | E26: =INDEX('Extracted information'!I:I, MATCH(B26,'Extracted information'!A:A,0)) -> 400-1000 | F26: =INDEX('Extracted information'!J:J, MATCH(B26,'Extracted information'!A:A,0)) -> ImSpector V10E | L26: 1 | M26: GLCM | N26: Feature level | O26: 0 | Q26: PCA | R26: PC1 image | S26: Contrast, correlation, energy, and homogeneity. Five distances from 1 to 5 pixels and four directions (0, 45, 90, and 135) were chosen in this research to calculate textural variables. The texture data resulting from five distances were averaged into one value in each direction (0, 45, 90, and 135). Therefore, a total 16 textural variables (four angles of each textural feature) were obtained from the first PC score image. | T26: 1 | U26: 1 | V26: 0 | W26: 1 | X26: 1 | Y26: 1 to 5 | Z26: 0, 45, 90, 135 | AA26: Averaged over 4 distances | AB26: Spectral features | AC26: Yes
A27: 2022/02/02 3:09:02 pm GMT+13 | B27: HSI0450 | C27: =INDEX('Extracted information'!G:G, MATCH(B27,'Extracted information'!A:A,0)) -> Pork | D27: =INDEX('Extracted information'!H:H, MATCH(B27,'Extracted information'!A:A,0)) -> Regression | E27: =INDEX('Extracted information'!I:I, MATCH(B27,'Extracted information'!A:A,0)) -> 400-1000 | F27: =INDEX('Extracted information'!J:J, MATCH(B27,'Extracted information'!A:A,0)) -> HyperSpec VNIR | H27: 1 | M27: 2D Gabor filters | N27: Feature level | O27: 1 | P27: Before: single texture band, feature selection after | Q27: Full, Optimal wavelengths | R27: Optimal wavelengths | S27: Sigma is set as 1 and f is set as 16. Textural features can be expressed effectively by using mean intensity. The mean intensity of the four directions angle = 0, 1/4 pi, 1/2 pi, 3/4 pi was obtained as features. 4 textural features + entropy + mean = 6 total. Optimal was 7 wavelengths. | AB27: Texture features | AC27: Yes
A28: 2022/02/02 6:17:10 pm GMT+13 | B28: HSI0452 | C28: =INDEX('Extracted information'!G:G, MATCH(B28,'Extracted information'!A:A,0)) -> Pears | D28: =INDEX('Extracted information'!H:H, MATCH(B28,'Extracted information'!A:A,0)) -> Classification, Regression | E28: =INDEX('Extracted information'!I:I, MATCH(B28,'Extracted information'!A:A,0)) -> 425-1000 | F28: =INDEX('Extracted information'!J:J, MATCH(B28,'Extracted information'!A:A,0)) -> ImSpector V10E | L28: 1 | M28: GLCM | N28: Feature level | O28: 0 | Q28: False RGB | R28: Fake RGB images | S28: (0Â°, 45Â°, 90Â°, and 135Â°) contrast, homogeneity, energy, and correlation. Distance not stated. | T28: 1 | U28: 1 | V28: 0 | W28: 1 | X28: 1 | Y28: Not stated | Z28: 0, 45, 90, 135 | AA28: Not stated | AB28: Spectral features | AC28: Yes
A29: 2022/02/02 6:32:32 pm GMT+13 | B29: HSI0484 | C29: =INDEX('Extracted information'!G:G, MATCH(B29,'Extracted information'!A:A,0)) -> Tea leaves | D29: =INDEX('Extracted information'!H:H, MATCH(B29,'Extracted information'!A:A,0)) -> Classification | E29: =INDEX('Extracted information'!I:I, MATCH(B29,'Extracted information'!A:A,0)) -> 400-1000 | F29: =INDEX('Extracted information'!J:J, MATCH(B29,'Extracted information'!A:A,0)) -> ImSpector V10E | L29: 1 | M29: GLCM | N29: Feature level | O29: 1 | P29: Before | Q29: Optimal wavelengths | R29: Optimal wavelengths | S29: (0Â°, 45Â°, 90Â°, and 135Â°) contrast, correlation, energy, and homogeneity total 64 textural features. | T29: 1 | U29: 1 | V29: 0 | W29: 1 | X29: 1 | Y29: 1 | Z29: 0, 45, 90, 135 | AA29: Not averaged | AB29: Texture features | AC29: Yes
A30: 2022/02/02 6:43:46 pm GMT+13 | B30: HSI0492 | C30: =INDEX('Extracted information'!G:G, MATCH(B30,'Extracted information'!A:A,0)) -> Tobacco leaves | D30: =INDEX('Extracted information'!H:H, MATCH(B30,'Extracted information'!A:A,0)) -> Classification | E30: =INDEX('Extracted information'!I:I, MATCH(B30,'Extracted information'!A:A,0)) -> 450-1000 | F30: =INDEX('Extracted information'!J:J, MATCH(B30,'Extracted information'!A:A,0)) -> ImSpector V10E | L30: 1 | M30: GLCM | N30: Feature level | O30: 1 | P30: Before:SPA | Q30: Optimal wavelengths | R30: Feature wavelengths | S30: Contrast, correlation, entropy, homogeneity. 4*8 wavelengths texture features. (Î¸=0Â°, 45Â°, 90Â° and 135Â°) d=1. Averaged over 4 directions. | T30: 1 | U30: 1 | V30: 1 | W30: 1 | X30: 0 | Y30: 1 | Z30: 0, 45, 90, 135 | AA30: Averaged over 4 directions | AB30: Spectral features | AC30: No
A31: 2022/02/02 6:53:45 pm GMT+13 | B31: HSI0498 | C31: =INDEX('Extracted information'!G:G, MATCH(B31,'Extracted information'!A:A,0)) -> Sea cucumber | D31: =INDEX('Extracted information'!H:H, MATCH(B31,'Extracted information'!A:A,0)) -> Regression | E31: =INDEX('Extracted information'!I:I, MATCH(B31,'Extracted information'!A:A,0)) -> 400-1000 | F31: =INDEX('Extracted information'!J:J, MATCH(B31,'Extracted information'!A:A,0)) -> ImSpector V10E | G31: 1 | I31: 1 | L31: 1 | M31: LBP, GLGCM, GLCM | N31: Feature level | O31: 1 | P31: Before: Optimal ratio | Q31: Optimal ratio | R31: Optimal band ratio | S31: GLCM: 0, 45, 90, 135. d=1, Contrast, energy, entropy, correlation Gray gradient co-occurrence matrix: small gradient advantage, inverse difference moment, gray level distribution non-uniformity, gradient distribution nonuniformity, energy. LBP: 10 uniform values. | T31: 0 | U31: 1 | V31: 1 | W31: 1 | X31: 1 | Y31: 1 | Z31: 0, 45, 90, 135 | AA31: Averaged over 4 directions | AB31: Not compared individually or inconclusive
A32: 2022/02/02 8:53:38 pm GMT+13 | B32: HSI0502 | C32: =INDEX('Extracted information'!G:G, MATCH(B32,'Extracted information'!A:A,0)) -> Pork | D32: =INDEX('Extracted information'!H:H, MATCH(B32,'Extracted information'!A:A,0)) -> Classification | E32: =INDEX('Extracted information'!I:I, MATCH(B32,'Extracted information'!A:A,0)) -> 399-999 | F32: =INDEX('Extracted information'!J:J, MATCH(B32,'Extracted information'!A:A,0)) -> ImSpector V10E | H32: 1 | M32: Gabor function | N32: Feature level | O32: 1 | P32: Before: eight wavelengths | Q32: Optimal wavelengths | R32: Optimal wavelengths | S32: Scale v=3, eight directions of the center frequency. Sigma = 5. 8 Gabor filters at 8 optimal wavelengths (64) | AB32: Not compared individually or inconclusive
A33: 2022/02/02 9:24:00 pm GMT+13 | B33: HSI0505 | C33: =INDEX('Extracted information'!G:G, MATCH(B33,'Extracted information'!A:A,0)) -> Rice leaves | D33: =INDEX('Extracted information'!H:H, MATCH(B33,'Extracted information'!A:A,0)) -> Classification | E33: =INDEX('Extracted information'!I:I, MATCH(B33,'Extracted information'!A:A,0)) -> 480-1000 | F33: =INDEX('Extracted information'!J:J, MATCH(B33,'Extracted information'!A:A,0)) -> ImSpector V10E | L33: 1 | M33: GLCM | N33: Feature level | O33: 0 | Q33: PCA | R33: First two PC images | S33: Mean, variance, homogeneity, contrast, dissimilarity, entropy, second moment, and correlation. 16 features, 8 per image. | T33: 1 | U33: 1 | V33: 1 | W33: 1 | X33: 1 | Y33: Not stated | Z33: Not stated | AA33: Not stated | AB33: Spectral features | AC33: Yes
A34: 2022/02/02 9:53:26 pm GMT+13 | B34: HSI0537 | C34: =INDEX('Extracted information'!G:G, MATCH(B34,'Extracted information'!A:A,0)) -> Beef | D34: =INDEX('Extracted information'!H:H, MATCH(B34,'Extracted information'!A:A,0)) -> Regression, Distribution | E34: =INDEX('Extracted information'!I:I, MATCH(B34,'Extracted information'!A:A,0)) -> 400-1000 | F34: =INDEX('Extracted information'!J:J, MATCH(B34,'Extracted information'!A:A,0)) -> ImSpector V10E | K34: 1 | M34: Discrete cosine transformation | N34: Feature level | O34: 0 | Q34: PCA | R34: PC1, 2, 3 | S34: DCT on 3 PC images to decompose into 16 sub images. Select the first 10, so 10*3 texture variables. | AB34: Spectral features | AC34: Yes
A35: 2022/02/02 9:58:03 pm GMT+13 | B35: HSI0540 | C35: =INDEX('Extracted information'!G:G, MATCH(B35,'Extracted information'!A:A,0)) -> Grass carp | D35: =INDEX('Extracted information'!H:H, MATCH(B35,'Extracted information'!A:A,0)) -> Regression | E35: =INDEX('Extracted information'!I:I, MATCH(B35,'Extracted information'!A:A,0)) -> 400-1000 | F35: =INDEX('Extracted information'!J:J, MATCH(B35,'Extracted information'!A:A,0)) -> ImSpector V10E | I35: 1 | M35: GLGCM | N35: Feature level | O35: 0 | Q35: PCA and features were selected | R35: PC1 image | S35: a total of 13 second-order statistical textural variables (small grads dominance (T1), big grads dominance (T2), energy (T3), inertia (T4), gray entropy (T5), grads entropy (T6), hybrid entropy (T7), gray mean (Î¼1), grads mean (Î¼2), gray standard deviation (âˆ‚1), grads standard deviation (âˆ‚2), correlation (T8) and inverse difference moment (T9)) were extracted from the PC1 image | AB35: Not compared individually or inconclusive | AC35: Yes
A36: 2022/02/03 8:51:37 am GMT+13 | B36: HSI0558 | C36: =INDEX('Extracted information'!G:G, MATCH(B36,'Extracted information'!A:A,0)) -> Pork | D36: =INDEX('Extracted information'!H:H, MATCH(B36,'Extracted information'!A:A,0)) -> Regression, Distribution | E36: =INDEX('Extracted information'!I:I, MATCH(B36,'Extracted information'!A:A,0)) -> 400-1000 | F36: =INDEX('Extracted information'!J:J, MATCH(B36,'Extracted information'!A:A,0)) -> ImSpector V10E | I36: 1 | M36: GLGCM | N36: Feature level | O36: 0 | Q36: PCA | R36: first two PC images | S36: 15 textural parameters. Captures the second order statistics of gray level gradients. Gray mean, grads mean, gray standard deviation, grads standard deviation, small grads dominance, big grads dominance, gray asymmetry, grad asymmetry, energy, correlation, gray entropy, grads entropy, hybrid entropy, inertia, and inverse difference moment | AB36: Spectral features | AC36: Yes
A37: 2022/02/03 9:07:04 am GMT+13 | B37: HSI0559 | C37: =INDEX('Extracted information'!G:G, MATCH(B37,'Extracted information'!A:A,0)) -> Salmon | D37: =INDEX('Extracted information'!H:H, MATCH(B37,'Extracted information'!A:A,0)) -> Classification, Distribution | E37: =INDEX('Extracted information'!I:I, MATCH(B37,'Extracted information'!A:A,0)) -> 900-1700 | F37: =INDEX('Extracted information'!J:J, MATCH(B37,'Extracted information'!A:A,0)) -> ImSpector N17E | G37: 1 | M37: LBP | N37: Not combined | O37: 0 | Q37: RGB | R37: True RGB images | S37: Multi-dimensional feature vector, in our case, 243-dimensional feature vector was successfully obtained. | AB37: Spectral features
A38: 2022/02/03 9:13:16 am GMT+13 | B38: HSI0574 | C38: =INDEX('Extracted information'!G:G, MATCH(B38,'Extracted information'!A:A,0)) -> Chinese cabbage | D38: =INDEX('Extracted information'!H:H, MATCH(B38,'Extracted information'!A:A,0)) -> Classification | E38: =INDEX('Extracted information'!I:I, MATCH(B38,'Extracted information'!A:A,0)) -> 420-1030 | F38: =INDEX('Extracted information'!J:J, MATCH(B38,'Extracted information'!A:A,0)) -> ImSpector V10E | L38: 1 | M38: GLCM | N38: No fusion | O38: 1 | P38: Before: PC loadings | Q38: Optimal wavelengths | R38: Six optimal wavelengths | S38: Î¸ = 0Â°, 45Â°, 90Â°, and 135Â°, d = 1. Contrast, correlation, energy, and homogeneity. Gray level 64. 96 textural features (4 textural features Ã— 4 angles Ã— 6 wavelengths) | T38: 1 | U38: 1 | V38: 0 | W38: 1 | X38: 1 | Y38: 1 | Z38: 0, 45, 90, 135 | AA38: Not averaged | AB38: Not compared individually or inconclusive
A39: 2022/02/02 10:59:53 pm GMT+13 | B39: HSI0591 | C39: =INDEX('Extracted information'!G:G, MATCH(B39,'Extracted information'!A:A,0)) -> Apples | D39: =INDEX('Extracted information'!H:H, MATCH(B39,'Extracted information'!A:A,0)) -> Regression | E39: =INDEX('Extracted information'!I:I, MATCH(B39,'Extracted information'!A:A,0)) -> 400-1000 | F39: =INDEX('Extracted information'!J:J, MATCH(B39,'Extracted information'!A:A,0)) -> ImSpector V10E | L39: 1 | M39: GLCM | N39: Feature level | O39: 0 | Q39: All | R39: All wavelengths | S39: Entropy, energy, correlation, contrast, homogeneity. (0, 45, 90, 135) d = 1. 64 grey levels. Averaged over angles. | T39: 1 | U39: 1 | V39: 1 | W39: 1 | X39: 1 | Y39: 1 | Z39: 0, 45, 90, 135 | AA39: Averaged over 4 directions | AB39: Spectral features | AC39: Yes
A40: 2022/02/03 9:39:00 am GMT+13 | B40: HSI0610 | C40: =INDEX('Extracted information'!G:G, MATCH(B40,'Extracted information'!A:A,0)) -> Citrus leaves | D40: =INDEX('Extracted information'!H:H, MATCH(B40,'Extracted information'!A:A,0)) -> Classification | E40: =INDEX('Extracted information'!I:I, MATCH(B40,'Extracted information'!A:A,0)) -> 410-1000 | F40: =INDEX('Extracted information'!J:J, MATCH(B40,'Extracted information'!A:A,0)) -> ImSpector V10E | J40: 1 | L40: 1 | M40: GLCM, normalized histogram of gray level | N40: Feature level (Pixel level?) | O40: 1 | P40: Before: selected by SPA | Q40: PCA, Optimal wavelengths | R40: Second PC image, four wavelengths selected by SPA | S40: Extracted from gray-level histogram and GLCM. 60 features from four gray images. Selected the top 10 and 4 features based on contributions. 10 Features worked better. Normalized histogram of gray level: mean, variance, skewness, kurtosis, energy, entropy. Describes statistical information in pixels gray distribution. No spatial information. GLCM: mean, variance, correction (?), contrast, uniformity, entropy, homogeneity, dissimilar, maximum probability. N=64 | T40: 1 | U40: 1 | V40: 1 | W40: 1 | X40: 1 | Y40: Not stated | Z40: Not stated | AA40: Not stated | AB40: Spectral features | AC40: Yes
A41: 2022/02/03 9:55:16 am GMT+13 | B41: HSI0627 | C41: =INDEX('Extracted information'!G:G, MATCH(B41,'Extracted information'!A:A,0)) -> Chicken | D41: =INDEX('Extracted information'!H:H, MATCH(B41,'Extracted information'!A:A,0)) -> Regression | E41: =INDEX('Extracted information'!I:I, MATCH(B41,'Extracted information'!A:A,0)) -> 430-960 | F41: =INDEX('Extracted information'!J:J, MATCH(B41,'Extracted information'!A:A,0)) -> ImSpector V10E | J41: 1 | M41: statistical properties of the intensity histogram | N41: Feature level | O41: 1 | P41: Before: selected by ACO and PCA | Q41: Optimal wavelengths | R41: Based on 5 dominant wavelengths | S41: Six statistical descriptors. They were third moment (l3), mean (m), standard deviation (d), smoothness (R), uniformity (U), entropy (e). 6 features * 5 bands = 30 | AB41: Not compared individually or inconclusive
A42: 2022/02/03 10:17:01 am GMT+13 | B42: HSI0646 | C42: =INDEX('Extracted information'!G:G, MATCH(B42,'Extracted information'!A:A,0)) -> Maize | D42: =INDEX('Extracted information'!H:H, MATCH(B42,'Extracted information'!A:A,0)) -> Classification | E42: =INDEX('Extracted information'!I:I, MATCH(B42,'Extracted information'!A:A,0)) -> 400-1000 | F42: =INDEX('Extracted information'!J:J, MATCH(B42,'Extracted information'!A:A,0)) -> HyperSpec VNIR | J42: 1 | L42: 1 | M42: GLCM, First order statistics, morphological | N42: Feature level | O42: 1 | P42: Before: SPA | Q42: Optimal wavelengths | R42: Optimal wavelength | S42: First order statistics: The first-order statistics provide information on the gray-level distribution of the image while ignoring the spatial interaction between pixels. The five first-order statistics parameters, namely, energy, entropy, skew, standard deviation, and moment, were extracted in this study. GLCM: four directions (0, 45, 90, and 135) with displacement of d = 1. The average value and the standard deviation for each second-order static (contrast, correlation, energy, and homogenous, respectively), were finally obtained. 5 + 8 = 13 features per optimal wavelength Morphological: five morphologic features of each kernel, including area, circularity, aspect ratio, roundness, and solidity. Based on single wavelength. 11*13 + 11 + 5 = 159 features | T42: 1 | U42: 1 | V42: 0 | W42: 1 | X42: 1 | Y42: 1 | Z42: 0, 45, 90, 135 | AA42: Averaged over 4 directions | AB42: Not compared individually or inconclusive
A43: 2022/02/03 10:30:50 am GMT+13 | B43: HSI0658 | C43: =INDEX('Extracted information'!G:G, MATCH(B43,'Extracted information'!A:A,0)) -> Black beans | D43: =INDEX('Extracted information'!H:H, MATCH(B43,'Extracted information'!A:A,0)) -> Classification | E43: =INDEX('Extracted information'!I:I, MATCH(B43,'Extracted information'!A:A,0)) -> 501-1000 | F43: =INDEX('Extracted information'!J:J, MATCH(B43,'Extracted information'!A:A,0)) -> ImSpector V10E | J43: 1 | L43: 1 | M43: GLCM, Morphological features | N43: Feature level | O43: 0 | Q43: PCA | R43: PC1 image | S43: 16 textural features and six morphological features. Morphological: perimeter, area, major axis length, minor axis length, eccentricity, equiv diameter. 6 Total from PC1 image. Direction (0, 45, 90, and 135Â°) four statistical textural features, including contrast, correlation, energy, and homogeneity. 16 total from PC1 image. | T43: 1 | U43: 1 | V43: 0 | W43: 1 | X43: 1 | Y43: Not stated | Z43: 0, 45, 90, 135 | AA43: Not averaged | AB43: Not compared individually or inconclusive | AC43: Yes
A44: 2022/02/03 11:28:14 am GMT+13 | B44: HSI0660 | C44: =INDEX('Extracted information'!G:G, MATCH(B44,'Extracted information'!A:A,0)) -> Beef | D44: =INDEX('Extracted information'!H:H, MATCH(B44,'Extracted information'!A:A,0)) -> Classification | E44: =INDEX('Extracted information'!I:I, MATCH(B44,'Extracted information'!A:A,0)) -> 447-1000 | F44: =INDEX('Extracted information'!J:J, MATCH(B44,'Extracted information'!A:A,0)) -> ImSpector V10E | G44: 1 | H44: 1 | J44: 1 | K44: 1 | L44: 1 | M44: GLCM, LBP, Laws features, Gabor, statistical features, wavelet features | N44: No fusion | O44: 0 | Q44: PCA | R44: First 5 PC bands | S44: One GLCM, two laws features, 5 LBP features were selected. Not enough details | Y44: Not stated | Z44: Not stated | AA44: Not stated | AB44: Not compared individually or inconclusive
A45: 2022/02/03 10:46:33 am GMT+13 | B45: HSI0671 | C45: =INDEX('Extracted information'!G:G, MATCH(B45,'Extracted information'!A:A,0)) -> Maize | D45: =INDEX('Extracted information'!H:H, MATCH(B45,'Extracted information'!A:A,0)) -> Classification, Distribution | E45: =INDEX('Extracted information'!I:I, MATCH(B45,'Extracted information'!A:A,0)) -> 400-1000 | F45: =INDEX('Extracted information'!J:J, MATCH(B45,'Extracted information'!A:A,0)) -> ImSpector V10E | K45: 1 | M45: GLRLM | N45: Feature level | O45: 0 | P45: Not clear | Q45: Optimal wavelengths | R45: Optimal wavelengths | S45: Gray-level run-length matrix analysis (GLRLM) (Galloway 1975). Short run emphasis, long run emphasis, gray-level nonuniformity, run length nonuniformity, run percentage. 5 output variables? 6 wavelengths are condensed to 5 texture variables somehow. | AB45: Spectral features | AC45: Yes
A46: 2022/02/03 11:04:45 am GMT+13 | B46: HSI0677 | C46: =INDEX('Extracted information'!G:G, MATCH(B46,'Extracted information'!A:A,0)) -> Tomato leaves | D46: =INDEX('Extracted information'!H:H, MATCH(B46,'Extracted information'!A:A,0)) -> Classification | E46: =INDEX('Extracted information'!I:I, MATCH(B46,'Extracted information'!A:A,0)) -> 400-1000 | F46: =INDEX('Extracted information'!J:J, MATCH(B46,'Extracted information'!A:A,0)) -> ImSpector V10E | L46: 1 | M46: GLCM | N46: Feature level | O46: 1 | P46: Before: selected by SPA | Q46: Optimal wavelengths | R46: Optimal wavelengths | S46: Eight texture features (mean, variance, homogeneity, contrast, dissimilarity, entropy, second moment and correlation). 8 texture features * 5 wavelengths = 40. | T46: 1 | U46: 1 | V46: 1 | W46: 1 | X46: 1 | Y46: Not stated | Z46: Not stated | AA46: Not stated | AB46: Spectral features
A47: 2022/02/03 11:11:24 am GMT+13 | B47: HSI0684 | C47: =INDEX('Extracted information'!G:G, MATCH(B47,'Extracted information'!A:A,0)) -> Grass carp | D47: =INDEX('Extracted information'!H:H, MATCH(B47,'Extracted information'!A:A,0)) -> Regression, Distribution | E47: =INDEX('Extracted information'!I:I, MATCH(B47,'Extracted information'!A:A,0)) -> 400-1000 | F47: =INDEX('Extracted information'!J:J, MATCH(B47,'Extracted information'!A:A,0)) -> ImSpector V10E | I47: 1 | M47: GLGCM | N47: Feature level | O47: 0 | Q47: PCA | R47: PC1 image | S47: 13 textural feature variables. Small grads dominance, Big grads dominance, Energy, Inertia, Gray entropy, Grads entropy, Hybrid entropy, Gray mean, Grads mean, Gray standard deviation, Grads standard deviation, Correlation, Inverse difference moment. | AB47: Spectral features | AC47: Yes
A48: 2022/02/03 11:34:07 am GMT+13 | B48: HSI0711 | C48: =INDEX('Extracted information'!G:G, MATCH(B48,'Extracted information'!A:A,0)) -> Chicken | D48: =INDEX('Extracted information'!H:H, MATCH(B48,'Extracted information'!A:A,0)) -> Classification | E48: =INDEX('Extracted information'!I:I, MATCH(B48,'Extracted information'!A:A,0)) -> 400-1000 | F48: =INDEX('Extracted information'!J:J, MATCH(B48,'Extracted information'!A:A,0)) -> ImSpector V10E | I48: 1 | M48: GLGCM | N48: Feature level | O48: 0 | Q48: PCA | R48: PC1 and PC2 images | S48: For each PC score image, 15 s-order statistical textural variables were extracted, including small grads dominance, big grads dominance, gray scale distribution inhomogeneity, grad scale distribution inhomogeneity, energy, gray mean, grads mean, gray standard deviation, grads standard deviation, correlation, gray entropy, grads entropy, hybrid entropy, inertia, and inverse difference moment. As a result, a total of 30 textural variables were extracted from the two PC score images for each hyperspectral image. | AB48: Spectral features | AC48: Yes
A49: 2022/02/03 11:46:01 am GMT+13 | B49: HSI0736 | C49: =INDEX('Extracted information'!G:G, MATCH(B49,'Extracted information'!A:A,0)) -> Weevils | D49: =INDEX('Extracted information'!H:H, MATCH(B49,'Extracted information'!A:A,0)) -> Classification | E49: =INDEX('Extracted information'!I:I, MATCH(B49,'Extracted information'!A:A,0)) -> 430-960 | F49: =INDEX('Extracted information'!J:J, MATCH(B49,'Extracted information'!A:A,0)) -> ImSpector V10E | J49: 1 | M49: Morphological features, Histogram based | N49: Feature level | O49: 1 | P49: Before: three feature bands | Q49: Optimal wavelengths | R49: Characteristic images | S49: Four shape features were extracted from a single chosen wavelength. Eccentricity, major axis length and minor axis length of the ellipse, the secondary moment of which is the same size as the region. Six textural features from each characteristic wavelength. Six texture descriptors based on the statistical properties of the histogram of the ROI images at three optimal wavelengths were also extracted. These were: mean (m), standard deviation (ðœŽ), smoothness (R), third moment (ðœ‡3), uniformity (U) and entropy (e). | AB49: Not compared individually or inconclusive
A50: 2022/02/03 11:51:54 am GMT+13 | B50: HSI0756 | C50: =INDEX('Extracted information'!G:G, MATCH(B50,'Extracted information'!A:A,0)) -> Pork | D50: =INDEX('Extracted information'!H:H, MATCH(B50,'Extracted information'!A:A,0)) -> Classification | E50: =INDEX('Extracted information'!I:I, MATCH(B50,'Extracted information'!A:A,0)) -> 400-1000 | F50: =INDEX('Extracted information'!J:J, MATCH(B50,'Extracted information'!A:A,0)) -> ImSpector V10E | I50: 1 | M50: GLGCM | N50: Feature level | O50: 0 | Q50: PCA | R50: First three PCs | S50: Extract 45 textural features from the PC images. Gray mean, grads mean, gray standard deviation, grads standard deviation, small grads dominance, big grads dominance, gray asymmetry, grads asymmetry, energy, correlation, gray entropy, grads entropy, hybrid entropy, inertia as well as inverse difference moment. d=1. 15*3=45 | AB50: Texture features | AC50: Yes
A51: 2022/02/03 12:13:49 pm GMT+13 | B51: HSI0764 | C51: =INDEX('Extracted information'!G:G, MATCH(B51,'Extracted information'!A:A,0)) -> Hawthorn | D51: =INDEX('Extracted information'!H:H, MATCH(B51,'Extracted information'!A:A,0)) -> Classification | E51: =INDEX('Extracted information'!I:I, MATCH(B51,'Extracted information'!A:A,0)) -> 400-1000 | F51: =INDEX('Extracted information'!J:J, MATCH(B51,'Extracted information'!A:A,0)) -> HyperSpec VNIR | I51: 1 | L51: 1 | M51: GLGCM and GLCM??? Not enough info | N51: Feature level | O51: 2 | P51: After: selected using reflectance sensitivity analysis afterwards (different per feature) | Q51: All, Selected wavelengths | R51: Each wavelength and optimal wavelengths | S51: minimum, maximum, mean, and standard deviation energy, entropy, correlation, inverse difference moment, inertia, uneven distribution of gray, uneven distribution of gradient, small gradient strengths, large gradient strengths, and gradient variance Only three types of features, namely, mean, energy, and entropy, had more than 90% classification accuracy for test set. | T51: 1 | U51: 1 | V51: 1 | W51: 1 | X51: 1 | Y51: Not stated | Z51: Not stated | AA51: Not stated | AB51: Not compared individually or inconclusive | AC51: Yes
A52: 2022/02/03 2:00:44 pm GMT+13 | B52: HSI0767 | C52: =INDEX('Extracted information'!G:G, MATCH(B52,'Extracted information'!A:A,0)) -> Pork | D52: =INDEX('Extracted information'!H:H, MATCH(B52,'Extracted information'!A:A,0)) -> Regression | E52: =INDEX('Extracted information'!I:I, MATCH(B52,'Extracted information'!A:A,0)) -> 415-1000 | F52: =INDEX('Extracted information'!J:J, MATCH(B52,'Extracted information'!A:A,0)) -> ImSpector V10E | I52: 1 | M52: GLGCM | N52: Feature level | O52: 0 | Q52: PCA | R52: First PC image | S52: energy, correlation, hybrid entropy, inertia, gray mean, grads mean, gray entropy, grads entropy, gray standard deviation, grads standard deviation, inverse difference moment, small grads dominance, and big grads dominance | AB52: Spectral features | AC52: Yes
A53: 2022/02/03 2:09:10 pm GMT+13 | B53: HSI0781 | C53: =INDEX('Extracted information'!G:G, MATCH(B53,'Extracted information'!A:A,0)) -> Salmon | D53: =INDEX('Extracted information'!H:H, MATCH(B53,'Extracted information'!A:A,0)) -> Regression, Distribution | E53: =INDEX('Extracted information'!I:I, MATCH(B53,'Extracted information'!A:A,0)) -> 400-1000, 900-1700 | F53: =INDEX('Extracted information'!J:J, MATCH(B53,'Extracted information'!A:A,0)) -> SPECIM V10E, ImSpector N17E | L53: 1 | M53: GLCM | N53: Feature level | O53: 1 | P53: Before: selected by SPA | Q53: Optimal wavelengths | R53: Four selected wavelengths | S53: 1-5 pixels, (0,45,90,135 degrees) averaged. Contrast, homogeneity, energy. 4*3 = 12 texture features. | T53: 1 | U53: 1 | V53: 0 | W53: 0 | X53: 1 | Y53: 1 to 5 | Z53: 0, 45, 90, 135 | AA53: Averaged over 4 directions and 5 distances | AB53: Spectral features | AC53: No
A54: 2022/02/03 4:41:43 pm GMT+13 | B54: HSI0782 | C54: =INDEX('Extracted information'!G:G, MATCH(B54,'Extracted information'!A:A,0)) -> Pork | D54: =INDEX('Extracted information'!H:H, MATCH(B54,'Extracted information'!A:A,0)) -> Regression | E54: =INDEX('Extracted information'!I:I, MATCH(B54,'Extracted information'!A:A,0)) -> 940-1650 | F54: =INDEX('Extracted information'!J:J, MATCH(B54,'Extracted information'!A:A,0)) -> HyperSpec NIR | H54: 1 | K54: 1 | M54: Gabor filter, Wide line detector | N54: Not combined | O54: 0 | Q54: All-optimal | R54: Entire spectrum then optimal wavelengths selected | S54: Line detector: extract the thickness and distribution of lines in the targeted image. Counts the amount of marbling in the contoured region. Gabor: f = 7, sigma = 10, and angle = pi/4. The average mean spectra of the nonfiltered ROIs (MR) and Gabor-filtered ROIs (MG) were obtained afterward, as shown in Fig. 4. The average derivatives of the two types of mean spectra (DMG and DMR) | AB54: Spectral features
A55: 2022/02/03 3:28:38 pm GMT+13 | B55: HSI0796 | C55: =INDEX('Extracted information'!G:G, MATCH(B55,'Extracted information'!A:A,0)) -> Pork | D55: =INDEX('Extracted information'!H:H, MATCH(B55,'Extracted information'!A:A,0)) -> Regression | E55: =INDEX('Extracted information'!I:I, MATCH(B55,'Extracted information'!A:A,0)) -> 400-1000 | F55: =INDEX('Extracted information'!J:J, MATCH(B55,'Extracted information'!A:A,0)) -> ImSpector V10E | K55: 1 | M55: Wavelet | N55: Feature level | O55: 1 | P55: Before: five feature wavelengths | Q55: Optimal wavelengths | R55: Five feature wavelengths | S55: The fourth-order daubechies wavelet (â€œdb4â€) was used to serve as the wavelet mother function for wavelet textural extraction of the feature images at the above selected feature wavelengths with the wavelet decomposition level from 1 to 4. Four textural features were calculated in the horizontal, vertical, and diagonal orientations at each level. Forty-eight textural features were extracted from each feature image 4 decomposition level, 4 texture features, 3 directions = 48 features per image. Mean, mean variance, energy, entropy. Tested the four different levels individually. First two were most effective. | AB55: Not compared individually or inconclusive
A56: 2022/02/03 2:19:44 pm GMT+13 | B56: HSI0818 | C56: =INDEX('Extracted information'!G:G, MATCH(B56,'Extracted information'!A:A,0)) -> Persimmons | D56: =INDEX('Extracted information'!H:H, MATCH(B56,'Extracted information'!A:A,0)) -> Classification, Regression | E56: =INDEX('Extracted information'!I:I, MATCH(B56,'Extracted information'!A:A,0)) -> 400-1000 | F56: =INDEX('Extracted information'!J:J, MATCH(B56,'Extracted information'!A:A,0)) -> ImSpector V10E | L56: 1 | M56: GLCM | N56: Feature level | O56: 1 | P56: Before: three feature bands | Q56: Optimal wavelengths | R56: Feature wavelengths | S56: Correlation, contrast, energy, homogeneity. direction equals to 0Â° and the distance equals to 1. Homogeneity, also called inverse difference moment. | T56: 1 | U56: 1 | V56: 0 | W56: 1 | X56: 1 | Y56: 1 | Z56: 0 | AA56: Single angle | AB56: Spectral features | AC56: Yes
A57: 2022/02/03 3:14:12 pm GMT+13 | B57: HSI0826 | C57: =INDEX('Extracted information'!G:G, MATCH(B57,'Extracted information'!A:A,0)) -> Salmon | D57: =INDEX('Extracted information'!H:H, MATCH(B57,'Extracted information'!A:A,0)) -> Regression, Distribution | E57: =INDEX('Extracted information'!I:I, MATCH(B57,'Extracted information'!A:A,0)) -> 400-1000, 967-1634 | F57: =INDEX('Extracted information'!J:J, MATCH(B57,'Extracted information'!A:A,0)) -> SPECIM V10E, ImSpector N17E | L57: 1 | M57: GLCM | N57: Feature level | O57: 1 | P57: Before: optimal | Q57: All, Optimal Wavelengths, PC images | R57: All, optimal, PC images tested | S57: Five spectral features (mean, standard deviation, skew, energy, and entropy) and 22 image texture features. uniformity/energy/angular second moment, entropy, dissimilarity, contrast/inertia, inverse difference, correlation, homogeneity/inverse difference moment, autocorrelation, cluster shade, cluster prominence, maximum probability, sum of squares, sum average, sum variance, sum entropy, difference variance, difference entropy, information measures of correlation-I, information measures of correlation-II, maximal correlation coefficient, inverse difference normalized (INN), and inverse difference moment normalized (IDN). The above feature extraction considered four different h values of 0, 45, 90, and 135 and three d values of 1, 3, and 5 pixels. The average results of four different angles namely 0, 45, 90, and 135 PC images: first 8 PC = 22*8 = 176 features Full spectra: 200 * 22 = 4400 features and 22*121 = 2662 features (two spectral sets) Optimal: Not stated | T57: 1 | U57: 1 | V57: 1 | W57: 1 | X57: 1 | Y57: 1, 3, 5 but choose 1 | Z57: 0, 45, 90, 135 | AA57: Averaged over 4 directions | AB57: Spectral features
A58: 2022/02/03 2:33:30 pm GMT+13 | B58: HSI0831 | C58: =INDEX('Extracted information'!G:G, MATCH(B58,'Extracted information'!A:A,0)) -> Pork | D58: =INDEX('Extracted information'!H:H, MATCH(B58,'Extracted information'!A:A,0)) -> Regression | E58: =INDEX('Extracted information'!I:I, MATCH(B58,'Extracted information'!A:A,0)) -> 430-960 | F58: =INDEX('Extracted information'!J:J, MATCH(B58,'Extracted information'!A:A,0)) -> ImSpector V10E | J58: 1 | M58: Based on statistical moments (Histogram stuff) | N58: Feature level | O58: 1 | P58: Before: four optimal wavelengths | Q58: Optimal wavelengths | R58: Four dominant wavelengths | S58: Third moment, uniformity, entropy, mean, standard deviation, and smoothness. 24 total | AB58: Spectral features | AC58: Yes
A59: 2022/02/03 1:50:13 pm GMT+13 | B59: HSI0867 | C59: =INDEX('Extracted information'!G:G, MATCH(B59,'Extracted information'!A:A,0)) -> Tea leaves | D59: =INDEX('Extracted information'!H:H, MATCH(B59,'Extracted information'!A:A,0)) -> Regression | E59: =INDEX('Extracted information'!I:I, MATCH(B59,'Extracted information'!A:A,0)) -> 900-1700 | F59: =INDEX('Extracted information'!J:J, MATCH(B59,'Extracted information'!A:A,0)) -> Other | L59: 1 | M59: GLCM | N59: Feature level | O59: 0 | P59: Not stated | Q59: Not stated | R59: Not clear | S59: Second order moment, contrast ratio, relevancy, entropy, inverse difference moment. (Yang et al. 2012) | T59: 1 | V59: 1 | X59: 1 | Y59: Not stated | Z59: Not stated | AA59: Not stated | AB59: Texture features | AC59: Yes
A60: 2022/02/02 3:44:45 pm GMT+13 | B60: HSI0870 | C60: =INDEX('Extracted information'!G:G, MATCH(B60,'Extracted information'!A:A,0)) -> Jatropha curcas | D60: =INDEX('Extracted information'!H:H, MATCH(B60,'Extracted information'!A:A,0)) -> Classification | E60: =INDEX('Extracted information'!I:I, MATCH(B60,'Extracted information'!A:A,0)) -> 921-1693 | F60: =INDEX('Extracted information'!J:J, MATCH(B60,'Extracted information'!A:A,0)) -> ImSpector N17E | J60: 1 | L60: 1 | M60: GLCM, Morphological features | N60: Feature level | O60: 0 | Q60: PCA, Morphology | R60: PC1 image, single wavelength for morphology | S60: GLCM: Contrast, homogeneity, energy, correlation, entropy. Direction equals to 0 and the distance d equals to 1 Morphology: area, perimeter, extent, eccentricity, major axis length, minor axis length and the circularity ratio | T60: 1 | U60: 1 | V60: 1 | W60: 1 | X60: 1 | Y60: 1 | Z60: 0 | AA60: Single angle | AB60: Spectral features | AC60: Yes
A61: 2022/02/02 3:55:37 pm GMT+13 | B61: HSI0888 | C61: =INDEX('Extracted information'!G:G, MATCH(B61,'Extracted information'!A:A,0)) -> Maize | D61: =INDEX('Extracted information'!H:H, MATCH(B61,'Extracted information'!A:A,0)) -> Classification | E61: =INDEX('Extracted information'!I:I, MATCH(B61,'Extracted information'!A:A,0)) -> 500-900 | F61: =INDEX('Extracted information'!J:J, MATCH(B61,'Extracted information'!A:A,0)) -> ImSpector V10E | L61: 1 | M61: GLCM | N61: Feature level | O61: 1 | P61: Before: three feature bands | Q61: Optimal wavelengths | R61: Optimal wavelengths | S61: Four textural variables including contrast, homogeneity, energy and correlation were extracted from gray level co-occurrence matrix (GLCM) of each monochromatic image based on the optimal wavelengths the textural features were calculated from the GLCM when the direction equals to 0Â° and the distance equals to 1. 12 textural features. | T61: 1 | U61: 1 | V61: 0 | W61: 1 | X61: 1 | Y61: 1 | Z61: 0 | AA61: Single angle | AB61: Not compared individually or inconclusive | AC61: Yes
B62: HSI0913 | C62: =INDEX('Extracted information'!G:G, MATCH(B62,'Extracted information'!A:A,0)) -> Cucumber leaves | D62: =INDEX('Extracted information'!H:H, MATCH(B62,'Extracted information'!A:A,0)) -> Classification | E62: =INDEX('Extracted information'!I:I, MATCH(B62,'Extracted information'!A:A,0)) -> 900-1700 | F62: =INDEX('Extracted information'!J:J, MATCH(B62,'Extracted information'!A:A,0)) -> ImSpector N17E | J62: 1 | M62: Histogram features/Statistical | N62: Feature level | O62: 1 | P62: Before: two wavelengths selected based on spectral data | Q62: PCA | R62: Based on PCA loadings selected wavelengths | S62: A total of six statistical image features, namely, mean, standard deviation, smoothness, the third-order moments, consistency and entropy from the images corresponding to the significant wavelengths were extracted | AB62: Not compared individually or inconclusive
A63: 2022/02/02 4:49:18 pm GMT+13 | B63: HSI0934 | C63: =INDEX('Extracted information'!G:G, MATCH(B63,'Extracted information'!A:A,0)) -> Polymer composite materials | D63: =INDEX('Extracted information'!H:H, MATCH(B63,'Extracted information'!A:A,0)) -> Regression | E63: =INDEX('Extracted information'!I:I, MATCH(B63,'Extracted information'!A:A,0)) -> 475-1500 | F63: =INDEX('Extracted information'!J:J, MATCH(B63,'Extracted information'!A:A,0)) -> ImSpector V10E, ImSpector N17E | L63: 1 | M63: GLCM | N63: Feature level | O63: 1 | P63: Before: single texture band | Q63: Optimal wavelengths | R63: Based on 6 optimal wavelengths | S63: A total of 6 GLCM, matrices were computed from the selected grey level image (d = 2, 5, 10 pixels, and = 0, 90â—¦). Entropy, correlation. | T63: 0 | U63: 0 | V63: 1 | W63: 1 | X63: 0 | Y63: 2, 5, 10 | Z63: 0, 90 | AA63: Not averaged | AB63: Not compared individually or inconclusive | AC63: Yes
A64: 2022/02/02 4:58:00 pm GMT+13 | B64: HSI0998 | C64: =INDEX('Extracted information'!G:G, MATCH(B64,'Extracted information'!A:A,0)) -> Strawberries | D64: =INDEX('Extracted information'!H:H, MATCH(B64,'Extracted information'!A:A,0)) -> Regression | E64: =INDEX('Extracted information'!I:I, MATCH(B64,'Extracted information'!A:A,0)) -> 400-1000 | F64: =INDEX('Extracted information'!J:J, MATCH(B64,'Extracted information'!A:A,0)) -> ImSpector V10E | L64: 1 | M64: GLCM | N64: Not used together | O64: 0 | Q64: False RGB | R64: Created a fake RGB image | S64: Contrast, Homogenity, Angular second moment, Correlation. D = 1 to D = 10 then averaged to give only one value at each direction. (0, 45, 90, and 135). 0 degrees was found to be best. | T64: 1 | U64: 1 | V64: 0 | W64: 1 | X64: 1 | Y64: 1 to 10 | Z64: 0, 45, 90, 135 | AA64: Averaged over 10 distances | AB64: Not compared individually or inconclusive
B65: HSIX005 | C65: =INDEX('Extracted information'!G:G, MATCH(B65,'Extracted information'!A:A,0)) -> Produce | D65: =INDEX('Extracted information'!H:H, MATCH(B65,'Extracted information'!A:A,0)) -> Classification, Regression | E65: =INDEX('Extracted information'!I:I, MATCH(B65,'Extracted information'!A:A,0)) -> 400-1000 | F65: =INDEX('Extracted information'!J:J, MATCH(B65,'Extracted information'!A:A,0)) -> Pika L | K65: 1 | M65: CNN | N65: Integrated | O65: 1 | P65: Before: Full, RGB, and selected | Q65: All, Optimal Wavelengths, RGB | R65: Before: Full, RGB, and selected | S65: CNN based on 64x64 patches | AB65: Not compared individually or inconclusive
B66: HSIX042 | C66: =INDEX('Extracted information'!G:G, MATCH(B66,'Extracted information'!A:A,0)) -> Rice | D66: =INDEX('Extracted information'!H:H, MATCH(B66,'Extracted information'!A:A,0)) -> Classification | E66: =INDEX('Extracted information'!I:I, MATCH(B66,'Extracted information'!A:A,0)) -> 1002-1998 | F66: =INDEX('Extracted information'!J:J, MATCH(B66,'Extracted information'!A:A,0)) -> Other | K66: 1 | M66: CNN | N66: Integrated | O66: 1 | P66: Before: 8 PCA score images and RGB | Q66: RGB, PCA of the selected wavelengths from the second derivative | R66: RGB, PCA scores | AB66: Not compared individually or inconclusive
B67: HSIX047 | C67: =INDEX('Extracted information'!G:G, MATCH(B67,'Extracted information'!A:A,0)) -> Beef | D67: =INDEX('Extracted information'!H:H, MATCH(B67,'Extracted information'!A:A,0)) -> Regression | E67: =INDEX('Extracted information'!I:I, MATCH(B67,'Extracted information'!A:A,0)) -> 400-1000 | F67: =INDEX('Extracted information'!J:J, MATCH(B67,'Extracted information'!A:A,0)) -> ImSpector V10E | L67: 1 | M67: GLCM | N67: Feature level | O67: 1 | P67: Before: Two PCA score images were retained | Q67: PCA | R67: Effective selected PC score images | S67: GLCM: Contrast, correlation, energy, homogeneity. Distance = 1, angles = 0, 45, 90, 135 degrees. Averaged over four directions. Using PCA loadings from selected wavelengths. | T67: 1 | U67: 1 | V67: 0 | W67: 1 | X67: 1 | Y67: 1 | Z67: 0, 45, 90, 135 | AA67: Averaged over four directions | AB67: Spectral features | AC67: No
B68: HSIX052 | C68: =INDEX('Extracted information'!G:G, MATCH(B68,'Extracted information'!A:A,0)) -> Apples | D68: =INDEX('Extracted information'!H:H, MATCH(B68,'Extracted information'!A:A,0)) -> Classification, Localisation | E68: =INDEX('Extracted information'!I:I, MATCH(B68,'Extracted information'!A:A,0)) -> 1000-2500 | F68: =INDEX('Extracted information'!J:J, MATCH(B68,'Extracted information'!A:A,0)) -> ImSpector N25E | K68: 1 | M68: YOLOv3 | N68: Integrated | O68: 1 | P68: Before: characteristic bands selected by PC Loadings | Q68: Optimal wavelengths | R68: Three wavelengths selected by PCA | S68: Deep learning YOLOv3 | AB68: Not compared individually or inconclusive
B69: HSIX076 | C69: =INDEX('Extracted information'!G:G, MATCH(B69,'Extracted information'!A:A,0)) -> Mutton | D69: =INDEX('Extracted information'!H:H, MATCH(B69,'Extracted information'!A:A,0)) -> Regression | E69: =INDEX('Extracted information'!I:I, MATCH(B69,'Extracted information'!A:A,0)) -> 400-1000 | F69: =INDEX('Extracted information'!J:J, MATCH(B69,'Extracted information'!A:A,0)) -> SOC710 | I69: 1 | M69: GLGCM | N69: Feature level | O69: 1 | P69: Before: preselected by CARS | Q69: Optimal wavelengths | R69: 15 texture features from the four selected wavelengths of CARS | S69: Brightness, shade, colour distribution range, symmetry from each moment (first, second, and third order) from RGB image. Four wavelengths selected by CARS: GLGCM extracted 15 features. large gradient advantage, small gradient advantage, unevenness of grayscale distribution, unevenness of gradient distribution, grayscale average, gradient average, grayscale mean square error, gradient mean square error, gray scale entropy, gradient entropy, mixed entropy, inertia, inverse moment, energy, and correlation. Pearson correlation coefficient was then used to select important features. "E-nose data, spectra and image features are one-dimensional data, while convolution kernel in CNN is two-dimensional. In this case, accurate and effective features are difficult to capture. If the data are reshaped, the internal structure of E-nose data, spectra and image features, are destroyed, resulting in false feature extraction. A new input-modified convolutional neural network (IMCNN) was developed (Fig. S3(B)) by adding an input layer in front of the convolution layer of the model. It was used to convert the form of data from one-dimension to two-dimension by duplication. The parameters of CNN and IMCNN are shown (Table S4, Table S5)." | AB69: Spectral features | AC69: Yes
B70: HSIX092 | C70: =INDEX('Extracted information'!G:G, MATCH(B70,'Extracted information'!A:A,0)) -> Wolfberries | D70: =INDEX('Extracted information'!H:H, MATCH(B70,'Extracted information'!A:A,0)) -> Classification | E70: =INDEX('Extracted information'!I:I, MATCH(B70,'Extracted information'!A:A,0)) -> 400-1000 | F70: =INDEX('Extracted information'!J:J, MATCH(B70,'Extracted information'!A:A,0)) -> ImSpector V10E | J70: 1 | L70: 1 | M70: GLCM, CNN | N70: Not clear | O70: 1 | P70: Before: preselected by wavelength selection algorithms | Q70: PCA | R70: PC1 image | S70: GLCM from the first PC image. The GLCM method was the most widely used technology of texture analysis. Different angles (Î¸ = 0â—¦, 45â—¦, 90â—¦, or 135â—¦) of texture information were calculated by the GLCM method, and the distance of each pixel pair set to 1. The four texture features of the contrast, energy, correlation and homogeneity were extracted using the GLCM. Batches of 10 berries CNN trained on extracted 2D matrix? | T70: 1 | U70: 1 | V70: 0 | W70: 1 | X70: 1 | Y70: 1 | Z70: 0, 45, 90, 135 | AA70: Averaged over four directions | AB70: Not compared individually or inconclusive | AC70: Yes
B71: HSIX104 | C71: =INDEX('Extracted information'!G:G, MATCH(B71,'Extracted information'!A:A,0)) -> Eggs | D71: =INDEX('Extracted information'!H:H, MATCH(B71,'Extracted information'!A:A,0)) -> Classification, Localisation, Regression | E71: =INDEX('Extracted information'!I:I, MATCH(B71,'Extracted information'!A:A,0)) -> 401-1002 | F71: =INDEX('Extracted information'!J:J, MATCH(B71,'Extracted information'!A:A,0)) -> ImSpector V10E | J71: 1 | M71: Morphological features, Edge detection | N71: Not used together | O71: 1 | P71: Before: From a single manually selected wavelength | Q71: RGB, Manually selected wavelength | R71: RGB: LoG edged detection for cracks, selected wavelength for yolk estimation | S71: LoG edge detection followed by geometric feature extraction (Area, perimeter, circularity, length, width, length-width ratio. Yolk morphological features from a single selected wavelength, morphological feature ratio. | AB71: Not compared individually or inconclusive
B72: HSIX125 | C72: =INDEX('Extracted information'!G:G, MATCH(B72,'Extracted information'!A:A,0)) -> Maize | D72: =INDEX('Extracted information'!H:H, MATCH(B72,'Extracted information'!A:A,0)) -> Classification | E72: =INDEX('Extracted information'!I:I, MATCH(B72,'Extracted information'!A:A,0)) -> 1000-2000 | F72: =INDEX('Extracted information'!J:J, MATCH(B72,'Extracted information'!A:A,0)) -> ImSpector N25E | J72: 1 | L72: 1 | M72: GLCM, Histogram features/Statistical | N72: Feature level | O72: 1 | P72: Before: preselected ratio | Q72: Optimal ratio | R72: Optimal ratio from ANOVA | S72: Histogram statistics (HS) from the preselected two band ration selected based on ANOVA f-value. Histogram statistics: mean intensity, consistency, skewness, kurtosis, mean contrast, entropy. ANOVA wasn't considered as a wavelength selection method because it was only 2 band ratios. | T72: 1 | U72: 1 | V72: 0 | W72: 1 | X72: 1 | Y72: 1 | Z72: 0 | AA72: No averaging | AB72: Spectral features | AC72: Yes
B73: HSIX165 | C73: =INDEX('Extracted information'!G:G, MATCH(B73,'Extracted information'!A:A,0)) -> Peaches | D73: =INDEX('Extracted information'!H:H, MATCH(B73,'Extracted information'!A:A,0)) -> Classification, Localisation | E73: =INDEX('Extracted information'!I:I, MATCH(B73,'Extracted information'!A:A,0)) -> 397.5-1014 | F73: =INDEX('Extracted information'!J:J, MATCH(B73,'Extracted information'!A:A,0)) -> Not stated | L73: 1 | M73: GLCM | N73: Feature level | O73: 1 | P73: Before: selected by PC1 loadings, and 120 features filtered by pearson coefficients | Q73: Optimal wavelengths and features narrowed down | R73: Optimal wavelengths and then filtered | S73: GLCM: energy, contrast, relevance, entropy and inverse moment. The texture features of the feature wavelength image were extracted based on GLCM, distance parameter value was set as 1 and the directions were set as 0Â°, 45Â°,90Â° and 135Â°. A total of 120 texture features were extracted from each sample. Colour features (HSI) | T73: 1 | U73: 1 | V73: 1 | W73: 1 | X73: 1 | Y73: 1 | Z73: 0, 45, 90, 135 | AA73: Not averaged | AB73: Spectral features

Sheet Excel outputs
B2: Analysis | Y2: PRISMA Identification of studies
Y3: Records identified from SCOPUS | AC3: =N8 -> 1229
B4: What areas do these come from? | M4: Filtering of papers | Y4: Records removed before screening | AC4: =AC5+AC6 -> 4
B5: Fruit/vegetables | C5: =COUNTIF(Table1[Area], "Fruit/vegetables") -> 222 | M5: Unaccessable | N5: 14 | Y5: Duplicates | AC5: =C38 -> 2
B6: Meat products | C6: =COUNTIF(Table1[Area], "Meat science") -> 192 | M6: Excluded through criteria | N6: =COUNT(Table4[Year]) -> 416 | Y6: Other non-papers removed | AC6: =C39 -> 2
B7: Other food products | C7: =COUNTIF(Table1[Area], "Other food products") -> 192 | M7: Included | N7: =COUNTA('Extracted information'!D2:D9980) -> 799
B8: Plants | C8: =COUNTIF(Table1[Area], "Plants") -> 101 | M8: Total | N8: 1229 | Y8: Records screened | AC8: =AC3-AC4 -> 1225
B9: Seeds | C9: =COUNTIF(Table1[Area], "Seeds") -> 25 | Y9: Records excluded before reading (Reviews) | AC9: =C40 -> 17
B10: Remote sensing | C10: =COUNTIF(Table1[Area], "Remote sensing") -> 27
B11: Medical imaging | C11: =COUNTIF(Table1[Area], "Medical imaging") -> 6 | Y11: Reports sought for retrieval | AC11: =AC8-AC9 -> 1208
B12: Other | C12: =COUNTIF(Table1[Area], "Other") -> 34 | Y12: Records not retrieved | AC12: =N5 -> 14
B13: Total | C13: =SUM(C5:C12) -> 799
Y14: Reports assessed for eligibility | AC14: =AC11-AC12 -> 1194
Y15: Reports excluded | AC15: =SUM(AC16:AC19) -> 395
B16: What measurements are used | Y16: Not hyperspectral imaging | AC16: =C36 -> 100
B17: Spectra averaged over ROI | C17: =COUNTIF(Table1[Sampling method], "Averaged over ROI") -> 698 | Y17: Wavelength selection criteria did not meet criteria | AC17: =C34 -> 156
B18: Spectra treated as independent pixels | C18: =COUNTIF(Table1[Sampling method], "Per pixel") -> 31 | Y18: Describes a novel sensor or system without relevant experimentation | AC18: =C35 -> 88
B19: Not clearly specified | C19: =COUNTIF(Table1[Sampling method], "Not stated")+COUNTIF(Table1[Sampling method], "Not applicable") -> 54 | M19: How often are spatial features considered | Y19: Insufficient methodology or empirical results | AC19: =C37 -> 51
B20: Both | C20: =COUNTIF(Table1[Sampling method], "Both") -> 10 | M20: Only uses spectral features | N20: =COUNTIF(Table1[[Data fusion ]], "No") -> 706
B21: Total | C21: =SUM(C17:C20) -> 793 | M21: Uses spatial and spectral features | N21: =COUNTIF(Table1[[Data fusion ]], "Yes") -> 93 | O21: =N21/N22 -> 0.11639549 | Y21: Studies included in the review | AC21: =AC14-AC15 -> 799 | AD21: =N7 -> 799
M22: Total | N22: =SUM(N20:N21) -> 799 | Y22: Studies using texture written in english | AC22: =N39 -> 71
B33: Why were papers excluded | M33: Language of publication
B34: Wavelength selection | C34: =COUNTIF('Excluded Studies'!E:E, B34) -> 156 | M34: English | N34: =COUNTIFS(Table1[Language], M34, Table1[Area], "*") -> 646
B35: System | C35: =COUNTIF('Excluded Studies'!E:E, B35) -> 88 | M35: Chinese | N35: =COUNTIFS(Table1[Language], M35, Table1[Area], "*") -> 149
B36: Multispectral | C36: =COUNTIF('Excluded Studies'!E:E, B36) -> 100 | M36: Other | N36: =N22-N35-N34 -> 4
B37: Empirical results | C37: =COUNTIF('Excluded Studies'!E:E, B37) -> 51 | D37: =SUM(C34:C37) -> 395 | M37: Total | N37: =SUM(N34:N36) -> 799
B38: Duplicate | C38: =COUNTIF('Excluded Studies'!E:E, B38) -> 2
B39: Other | C39: =COUNTIF('Excluded Studies'!E:E, B39) -> 2 | M39: English Spatial features | N39: =COUNTIF(Table1[[Data fusion ]], "Yes") - COUNTIFS(Table1[Language], M35, Table1[[Data fusion ]], "Yes") -> 71
B40: Review | C40: =COUNTIF('Excluded Studies'!E:E, B40) -> 17
B41: Total | C41: =SUM(C34:C40) -> 416
B48: What camera is used | C48: Counts | D48: VNIR | E48: NIR | F48: SWIR | G48: Not applicable | H48: Column3
B49: ImSpector V10E | C49: 344 | D49: =IF(Table2[[#This Row],[Column3]]="VNIR", Table2[[#This Row],[Counts]],"") -> 344 | E49: =IF(Table2[[#This Row],[Column3]]="NIR", Table2[[#This Row],[Counts]],"") | F49: =IF(Table2[[#This Row],[Column3]]="SWIR", Table2[[#This Row],[Counts]],"") | G49: =IF(Table2[[#This Row],[Column3]]="Gray", Table2[[#This Row],[Counts]],"") | H49: VNIR | V49: Column1 | W49: Column2
B50: ImSpector N17E | C50: 128 | D50: =IF(Table2[[#This Row],[Column3]]="VNIR", Table2[[#This Row],[Counts]],"") | E50: =IF(Table2[[#This Row],[Column3]]="NIR", Table2[[#This Row],[Counts]],"") -> 128 | F50: =IF(Table2[[#This Row],[Column3]]="SWIR", Table2[[#This Row],[Counts]],"") | G50: =IF(Table2[[#This Row],[Column3]]="Gray", Table2[[#This Row],[Counts]],"") | H50: NIR | V50: HyperSISVNIR | W50: 9
B51: Other | C51: 109 | D51: =IF(Table2[[#This Row],[Column3]]="VNIR", Table2[[#This Row],[Counts]],"") | E51: =IF(Table2[[#This Row],[Column3]]="NIR", Table2[[#This Row],[Counts]],"") | F51: =IF(Table2[[#This Row],[Column3]]="SWIR", Table2[[#This Row],[Counts]],"") | G51: =IF(Table2[[#This Row],[Column3]]="Gray", Table2[[#This Row],[Counts]],"") -> 109 | H51: Gray | V51: HyperSpecNIR | W51: 8
B52: Not stated | C52: 81 | D52: =IF(Table2[[#This Row],[Column3]]="VNIR", Table2[[#This Row],[Counts]],"") | E52: =IF(Table2[[#This Row],[Column3]]="NIR", Table2[[#This Row],[Counts]],"") | F52: =IF(Table2[[#This Row],[Column3]]="SWIR", Table2[[#This Row],[Counts]],"") | G52: =IF(Table2[[#This Row],[Column3]]="Gray", Table2[[#This Row],[Counts]],"") -> 81 | H52: Gray | V52: HyperSpecSWIR | W52: 15
B53: HyperSpec VNIR | C53: 35 | D53: =IF(Table2[[#This Row],[Column3]]="VNIR", Table2[[#This Row],[Counts]],"") -> 35 | E53: =IF(Table2[[#This Row],[Column3]]="NIR", Table2[[#This Row],[Counts]],"") | F53: =IF(Table2[[#This Row],[Column3]]="SWIR", Table2[[#This Row],[Counts]],"") | G53: =IF(Table2[[#This Row],[Column3]]="Gray", Table2[[#This Row],[Counts]],"") | H53: VNIR | V53: HyperSpecVNIR | W53: 35
B54: ImSpector N25E | C54: 29 | D54: =IF(Table2[[#This Row],[Column3]]="VNIR", Table2[[#This Row],[Counts]],"") | E54: =IF(Table2[[#This Row],[Column3]]="NIR", Table2[[#This Row],[Counts]],"") | F54: =IF(Table2[[#This Row],[Column3]]="SWIR", Table2[[#This Row],[Counts]],"") -> 29 | G54: =IF(Table2[[#This Row],[Column3]]="Gray", Table2[[#This Row],[Counts]],"") | H54: SWIR | V54: HySpexSWIR384 | W54: 7
B55: SOC710 | C55: 27 | E55: =IF(Table2[[#This Row],[Column3]]="NIR", Table2[[#This Row],[Counts]],"") | F55: =IF(Table2[[#This Row],[Column3]]="SWIR", Table2[[#This Row],[Counts]],"") | G55: =IF(Table2[[#This Row],[Column3]]="VNIR", Table2[[#This Row],[Counts]],"") -> 27 | H55: VNIR | V55: Image-λ | W55: 14
B56: HyperSpec SWIR | C56: 15 | D56: =IF(Table2[[#This Row],[Column3]]="VNIR", Table2[[#This Row],[Counts]],"") | E56: =IF(Table2[[#This Row],[Column3]]="NIR", Table2[[#This Row],[Counts]],"") | F56: =IF(Table2[[#This Row],[Column3]]="SWIR", Table2[[#This Row],[Counts]],"") -> 15 | G56: =IF(Table2[[#This Row],[Column3]]="Gray", Table2[[#This Row],[Counts]],"") | H56: SWIR | V56: ImSpectorN17E | W56: 128
B57: Image-λ | C57: 14 | D57: =IF(Table2[[#This Row],[Column3]]="VNIR", Table2[[#This Row],[Counts]],"") | E57: =IF(Table2[[#This Row],[Column3]]="NIR", Table2[[#This Row],[Counts]],"") | F57: =IF(Table2[[#This Row],[Column3]]="SWIR", Table2[[#This Row],[Counts]],"") | G57: =IF(Table2[[#This Row],[Column3]]="Gray", Table2[[#This Row],[Counts]],"") -> 14 | H57: Gray | V57: ImSpectorN25E | W57: 29
B58: SPECIM FX17 | C58: 11 | D58: =IF(Table2[[#This Row],[Column3]]="VNIR", Table2[[#This Row],[Counts]],"") | E58: =IF(Table2[[#This Row],[Column3]]="NIR", Table2[[#This Row],[Counts]],"") -> 11 | F58: =IF(Table2[[#This Row],[Column3]]="SWIR", Table2[[#This Row],[Counts]],"") | G58: =IF(Table2[[#This Row],[Column3]]="Gray", Table2[[#This Row],[Counts]],"") | H58: NIR | V58: ImSpectorV10E | W58: 344
B59: HyperSIS VNIR | C59: 9 | D59: =IF(Table2[[#This Row],[Column3]]="VNIR", Table2[[#This Row],[Counts]],"") -> 9 | E59: =IF(Table2[[#This Row],[Column3]]="NIR", Table2[[#This Row],[Counts]],"") | F59: =IF(Table2[[#This Row],[Column3]]="SWIR", Table2[[#This Row],[Counts]],"") | G59: =IF(Table2[[#This Row],[Column3]]="Gray", Table2[[#This Row],[Counts]],"") | H59: VNIR | V59: Inno-SpecIST50-3810 | W59: 7
B60: Not applicable | C60: 9 | D60: =IF(Table2[[#This Row],[Column3]]="VNIR", Table2[[#This Row],[Counts]],"") | E60: =IF(Table2[[#This Row],[Column3]]="NIR", Table2[[#This Row],[Counts]],"") | F60: =IF(Table2[[#This Row],[Column3]]="SWIR", Table2[[#This Row],[Counts]],"") | G60: =IF(Table2[[#This Row],[Column3]]="Gray", Table2[[#This Row],[Counts]],"") -> 9 | H60: Gray | V60: Notapplicable | W60: 9
B61: SPECIM V10E | C61: 9 | D61: =IF(Table2[[#This Row],[Column3]]="VNIR", Table2[[#This Row],[Counts]],"") -> 9 | E61: =IF(Table2[[#This Row],[Column3]]="NIR", Table2[[#This Row],[Counts]],"") | F61: =IF(Table2[[#This Row],[Column3]]="SWIR", Table2[[#This Row],[Counts]],"") | G61: =IF(Table2[[#This Row],[Column3]]="Gray", Table2[[#This Row],[Counts]],"") | H61: VNIR | V61: Notclear | W61: 14
B62: HyperSpec NIR | C62: 8 | D62: =IF(Table2[[#This Row],[Column3]]="VNIR", Table2[[#This Row],[Counts]],"") | E62: =IF(Table2[[#This Row],[Column3]]="NIR", Table2[[#This Row],[Counts]],"") -> 8 | F62: =IF(Table2[[#This Row],[Column3]]="SWIR", Table2[[#This Row],[Counts]],"") | G62: =IF(Table2[[#This Row],[Column3]]="Gray", Table2[[#This Row],[Counts]],"") | H62: NIR | V62: Notstated | W62: 67
B63: Inno-Spec IST50-3810 | C63: 7 | D63: =IF(Table2[[#This Row],[Column3]]="VNIR", Table2[[#This Row],[Counts]],"") -> 7 | E63: =IF(Table2[[#This Row],[Column3]]="NIR", Table2[[#This Row],[Counts]],"") | F63: =IF(Table2[[#This Row],[Column3]]="SWIR", Table2[[#This Row],[Counts]],"") | G63: =IF(Table2[[#This Row],[Column3]]="Gray", Table2[[#This Row],[Counts]],"") | H63: VNIR | V63: other | W63: 109
B64: Resanon PikaL | C64: 7 | D64: =Table2[[#This Row],[Counts]] -> 7 | E64: =IF(Table2[[#This Row],[Column3]]="NIR", Table2[[#This Row],[Counts]],"") | F64: =IF(Table2[[#This Row],[Column3]]="SWIR", Table2[[#This Row],[Counts]],"") | G64: =IF(Table2[[#This Row],[Column3]]="Gray", Table2[[#This Row],[Counts]],"") | H64: VNIR | V64: PikaL | W64: 7
B65: Inno-Spec IST50-3810 | C65: 7 | D65: =Table2[[#This Row],[Counts]] -> 7 | E65: =IF(Table2[[#This Row],[Column3]]="NIR", Table2[[#This Row],[Counts]],"") | F65: =IF(Table2[[#This Row],[Column3]]="SWIR", Table2[[#This Row],[Counts]],"") | G65: =IF(Table2[[#This Row],[Column3]]="Gray", Table2[[#This Row],[Counts]],"") | H65: VNIR | V65: SOC710 | W65: 27
V66: SPECIMFX17 | W66: 11
V67: SPECIMV10E | W67: 9
C68: Year | D68: Number of included studies
C69: 2000 | D69: =COUNTIFS('Extracted information'!C:C, C69, 'Extracted information'!F:F, "<>") -> 0
C70: 2001 | D70: =COUNTIFS('Extracted information'!C:C, C70, 'Extracted information'!F:F, "<>") -> 0
C71: 2002 | D71: =COUNTIFS('Extracted information'!C:C, C71, 'Extracted information'!F:F, "<>") -> 2
C72: 2003 | D72: =COUNTIFS('Extracted information'!C:C, C72, 'Extracted information'!F:F, "<>") -> 0
C73: 2004 | D73: =COUNTIFS('Extracted information'!C:C, C73, 'Extracted information'!F:F, "<>") -> 1
C74: 2005 | D74: =COUNTIFS('Extracted information'!C:C, C74, 'Extracted information'!F:F, "<>") -> 2
C75: 2006 | D75: =COUNTIFS('Extracted information'!C:C, C75, 'Extracted information'!F:F, "<>") -> 2
C76: 2007 | D76: =COUNTIFS('Extracted information'!C:C, C76, 'Extracted information'!F:F, "<>") -> 4
C77: 2008 | D77: =COUNTIFS('Extracted information'!C:C, C77, 'Extracted information'!F:F, "<>") -> 2
C78: 2009 | D78: =COUNTIFS('Extracted information'!C:C, C78, 'Extracted information'!F:F, "<>") -> 2
C79: 2010 | D79: =COUNTIFS('Extracted information'!C:C, C79, 'Extracted information'!F:F, "<>") -> 3
C80: 2011 | D80: =COUNTIFS('Extracted information'!C:C, C80, 'Extracted information'!F:F, "<>") -> 11
... C92: 2023 | D92: =COUNTIFS('Extracted information'!C:C, C92, 'Extracted information'!F:F, "<>") -> 8

Sheet Excluded Studies
A1: Code | B1: Authors | C1: Title | D1: Year | E1: Exclusion criteria
A2: HSI0571 | B2: Sawyer T.W., Bohndiek S.E. | C2: Towards a simulation framework to maximize the resolution of biomedical hyperspectral imaging | D2: 2017 | E2: Duplicate
A3: HSIX031 | B3: Kääriäinen T., Dönsberg T. | C3: Active hyperspectral imager based on a supercontinuum laser and a MEMS Fabry-Pérot interferometer | D3: 2022 | E3: Duplicate
A4: HSI0004 | B4: Wang X., Wang T., Zheng Y., Yin X. | C4: Hyperspectral-attention mechanism-based improvement of radiomics prediction method for primary liver cancer | D4: 2021 | E4: Empirical results
A5: HSI0026 | B5: Martin T., Drissen L., Prunet S. | C5: Data reduction and calibration accuracy of the imaging Fourier transform spectrometer SITELLE | D5: 2021 | E5: Empirical results
A6: HSI0103 | B6: Liu M., Zhang Z., Liu X., Yao J., Du T., Ma Y., Shi L. | C6: Discriminant analysis of the damage degree caused by pine shoot beetle to yunnan pine using UAV-based hyperspectral images | D6: 2020 | E6: Empirical results
A7: HSI0127 | B7: Abdulridha J., Ampatzidis Y., Kakarla S.C., Roberts P. | C7: Detection of target spot and bacterial spot diseases in tomato using UAV-based and benchtop-based hyperspectral imaging techniques | D7: 2020 | E7: Empirical results
A8: HSI0206 | B8: Hakola A.-M., Pölönen I. | C8: Minimal learning machine in hyperspectral imaging classification | D8: 2020 | E8: Empirical results
A9: HSI0210 | B9: Wang J., Krieger E., Zbur L., Gilligan J., Beideman R., Beckstead J., Klueva O., Conner M., Maney E., Treado P. | C9: Sprayed or soaked concealed drug detection using swir hyperspectral imaging | D9: 2020 | E9: Empirical results
A10: HSI0213 | B10: Chauvin J., Vasefi F., Tavakolian K., Akhbardeh A., MacKinnon N., Qin J., Chan D.E., Kim M.S. | C10: Reconstruction of hyperspectral spectra of fish fillets using multi-wavelength imaging and point spectroscopy | D10: 2020 | E10: Empirical results
A11: HSI0260 | B11: Sawyer T.W., Williams C., Bohndiek S.E. | C11: Spectral band selection and tolerancing for multispectral filter arrays | D11: 2019 | E11: Empirical results
A12: HSI0286 | B12: Chen B., Shi S., Gong W., Sun J., Chen B., Du L., Yang J., Guo K., Zhao X. | C12: True-color three-dimensional imaging and target classification BASED on hyperspectral LiDAR | D12: 2019 | E12: Empirical results
A13: HSI0310 | B13: Jha C.S., Rakesh, Singhal J., Reddy C.S., Rajashekar G., Maity S., Patnaik C., Das A., Misra A., Singh C.P., Mohapatra J., Krishnayya N.S.R., Kiran S., Townsend P., Martinez M.H. | C13: Characterization of species diversity and forest health using AVIRIS-NG hyperspectral remote sensing data | D13: 2019 | E13: Empirical results
... A417: HSIX154 | B417: Kyaw T.Y., Siegert C.M., Dash P., Poudel K.P., Pitts J.J., Renninger H.J. | C417: Using hyperspectral leaf reflectance to estimate photosynthetic capacity and nitrogen content across eastern cottonwood and hybrid poplar taxa | D417: 2022 | E417: Wavelength selection
